 Dungeon Crawl Stone Soup version 0.29.0-15-g675c0067aa (webtiles) character file.

Game seed: 7516124627212850642

534934 qw the Conqueror (level 24, -7/251 HPs)
             Began as a Minotaur Berserker on Sept 12, 2022.
             Was an Elder of Trog.
             Killed from afar by a white draconian (23 damage)
             ... with a blast of cold
             ... led by a yellow draconian annihilator
             ... on level 4 of the Realm of Zot.
             The game lasted 00:27:53 (61639 turns).

qw the Conqueror (Minotaur Berserker)              Turns: 61639, Time: 00:27:54

Health: -7/251     AC: 37    Str: 30 (32) XL:     24   Next: 55%
Magic:  1/22       EV: 19    Int: 15 (18) God:    Trog [****..]
Gold:   2812       SH: 25    Dex: 16 (17) Spells: 23/23 levels left

rFire   + + .      SeeInvis .   x - +8 mithril axe "Arga" {speed, Will+}
rCold   . . .      Faith    +   n - +0 tower shield
rNeg    + + .      Spirit   .   h - +8 plate armour of the Lost Path {Regen+}
rPois   +          Reflect  .   (helmet restricted)
rElec   .          Harm     .   z - +1 cloak "Zogg" {Will- Int+6 Dex+3}
rCorr   .          Rampage  +   f - +2 pair of gloves
Will    ++...                   w - +1 pair of boots of the Several Prophets {+Blink Str+2}
Stlth   ..........              i - amulet of Kikubaaqudgha's Grace {Faith Rampage rC+ Will+}
HPRegen 1.31/turn               v - ring "Noshappuata" {Fire rPois rN++ Dex+4}
MPRegen 0.18/turn               k - ring of the Octopus King {Wiz HP+2 AC+2 EV+2 SH+2}

@: about to teleport, corroded, on berserk cooldown
A: horns 2, retaliatory headbutt, fangs 1, clever 2, fire resistance 1, sense
surroundings 2, MP-powered wands
}: 3/15 runes: decaying, silver, gossamer
a: Renounce Religion, Evoke Blink, Berserk, Trog's Hand, Brothers in Arms


You were on level 4 of the Realm of Zot.
You worshipped Trog.
Trog was greatly pleased with you.
You visited 8 branches of the dungeon, and saw 43 of its levels.
You also visited: Gauntlet.

You collected 5630 gold pieces.
You spent 2818 gold pieces at shops.


Innate Abilities, Weirdness & Mutations

You have a pair of horns on your head.
You reflexively headbutt those who attack you in melee.
You have very sharp teeth.
Your mind is very acute. (Int +8, Str/Dex -2)
Your flesh is heat resistant. (rF+)
You passively map the area around you.
You expend magic power (3 MP) to strengthen your wands.


   Skills:
 O Level 27 Fighting
 - Level 20.6 Axes
 - Level 12.0 Throwing
 + Level 25.0 Armour
 - Level 18.0 Dodging
 - Level 23.0 Shields
 - Level 4.7 Evocations


You had 23 spell levels left.
You didn't know any spells.
Your spell library was empty.

Inventory:

Hand Weapons
 x - the +8 mithril axe "Arga" (weapon) {speed, Will+}
   (You found it on level 15 of the Dungeon)

   Attacks with this weapon are significantly faster.
   Will:      It increases your willpower.
Missiles
 e - 4 boomerangs (quivered)
Armour
 f - a +2 pair of gloves (worn)
 h - the +8 plate armour of the Lost Path (worn) {Regen+}
   (You found it on level 14 of the Dungeon)

   Regen:     It increases your rate of health regeneration.
 n - a +0 tower shield (worn)
 r - a +1 cloak of poison resistance
 w - the +1 pair of boots of the Several Prophets (worn) {+Blink Str+2}
   (You acquired it on level 14 of the Dungeon)

   Str:       It affects your strength (+2).
   +Blink:    It lets you blink.
 z - the +1 cloak "Zogg" (worn) {Will- Int+6 Dex+3}
   (You found it in a Gauntlet)

   Int:       It affects your intelligence (+6).
   Dex:       It affects your dexterity (+3).
   Will:      It decreases your willpower.
 A - +0 gold dragon scales
 F - a +2 cloak
Jewellery
 a - an amulet of reflection
 i - the amulet of Kikubaaqudgha's Grace (around neck) {Faith Rampage rC+ Will+}
   (You found it in a Gauntlet)

   [amulet of faith]

   It allows you to gain divine favour quickly.
   rC:        It protects you from cold.
   Rampage:   It bestows one free step when moving towards enemies.
   Will:      It increases your willpower.
 k - a ring of the Octopus King (right hand) {Wiz HP+2 AC+2 EV+2 SH+2}
   (You found it on level 13 of the Dungeon)

   [ring of wizardry]

   It improves your spell success rate.
   AC:        It affects your AC (+2).
   EV:        It affects your evasion (+2).
   HP:        It affects your health (+2).
   SH:        It affects your SH (+2).
 v - the ring "Noshappuata" (left hand) {Fire rPois rN++ Dex+4}
   (You found it on level 13 of the Dungeon)

   [ring of fire]

   It enhances your fire magic.
   Dex:       It affects your dexterity (+4).
   rF:        It protects you from fire.
   rC:        It makes you vulnerable to cold.
   rPois:     It protects you from poison.
   rN:        It greatly protects you from negative energy.
 C - a ring of protection from fire
 D - a ring of protection from fire
 G - the ring "Sunly" {rN+ EV+4}
   (You acquired it on level 1 of the Realm of Zot)

   [ring of evasion]

   EV:        It affects your evasion (+4).
   rN:        It protects you from negative energy.
Wands
 u - a wand of digging (2)
Scrolls
 b - 9 scrolls of identify
 c - 4 scrolls of enchant armour
 p - a scroll of brand weapon
 q - 8 scrolls of teleportation
 y - 6 scrolls of enchant weapon
Potions
 d - 6 potions of might
 g - 18 potions of curing
 l - a potion of resistance
 m - 12 potions of haste
 o - 5 potions of mutation
 t - 3 potions of cancellation

Dungeon Overview and Level Annotations

Branches:
Dungeon (15/15)            Temple (0/1) D:4            Lair (5/5) D:8
  Swamp (4/4) Lair:2       Spider (4/4) Lair:2        Slime (0/5) Lair:5
    Orc (2/2) D:12            Elf (0/3) Orc:2        Vaults (5/5) D:14
  Crypt (0/3) Vaults:3     Depths (4/4) D:15            Zot (4/5) Depths:4
Gauntlet (visited)

Altars:
Cheibriados
Dithmenos
Elyvilon
Fedhas
Hepliaklqana
Kikubaaqudgha
Qazlal
Sif Muna
Trog
Uskayaw
Vehumet
Wu Jian
Yredelemnul
Jiyva

Shops:
D:4 [   D:7 *   D:11 *   D:15 *   Orc:2 [[([   Vaults:1 ((   Vaults:2 :
Vaults:3 ?   Vaults:4 :   Vaults:5 [   Depths:1 :   Depths:3 ?

Portals:
Hell: Depths:1 Depths:2 Depths:3 Depths:4
Abyss: Depths:3
Pandemonium: Depths:2
Ziggurat: Depths:2
Trove: D:11 (give 2 scrolls of acquirement)

Annotations:
D:3 1 runed translucent door, Crazy Yiuf
D:7 2 runed translucent doors, qw's ghost, novice MiBe
Vaults:1 3 runed translucent doors, qw's ghost, adept GrFi
Depths:3 2 runed translucent doors
Depths:4 3 runed translucent doors, Janeylunn's ghost, veteran GnWn
Zot:2 6 transporters
Zot:3 2 transporters, Ybbavoiff's ghost, veteran MiBe


Message History

The green draconian monk tail-slaps you but does no damage.
You block the green draconian monk's attack.
Something hits you but does no damage.
61637 ||| READING 9 scrolls of teleportation.
As you read the scroll of teleportation, it crumbles to dust.
You feel strangely unstable.
You feel the Orb delaying your translocation!
The white draconian barely misses you. You furiously retaliate!
You headbutt the white draconian! Something hits you but does no damage.
You block something's attack.
Something stings you but does no damage.
The purple draconian shifter casts a spell.
The purple draconian shifter blinks!
You block the green draconian monk's attack.
The green draconian monk kicks you but does no damage.
The green draconian monk tail-slaps you but does no damage. x2
61638 ||| DRINKING 2 potions of heal wounds.
You feel much better.
A bolt of lightning appears from out of thin air!
The bolt of lightning misses you. The bolt of lightning hits you!!
The yellow draconian annihilator spits acid at you.
The glob of acid hits you! The acid corrodes you!
You block the white draconian's attack.
You feel you are being watched by something.
Something hits you but does no damage. You block something's attack.
Something stings you but does no damage.
You block the green draconian monk's attack.
The green draconian monk kicks you but does no damage.
The green draconian monk tail-slaps you but does no damage.
The green draconian monk tail-slaps you!
Something hits you but does no damage.
61639 ||| DRINKING potion of heal wounds.
You feel much better. Something hits you but does no damage.
Something hits you!
Something stings you but does no damage.
The yellow draconian annihilator casts a spell.
The yellow draconian annihilator blinks!
The white draconian breathes frost at you.
The blast of cold hits you!!
You die...

#........#
#........#
#........#
#........#
#.q......#
#q.ยค.....#
#........#
#...d....# * *
#..@{....# , ,
, *#.{.q....#
* *
............#
* , ,
#.#'##....?.#
*
#....,#.%)..?#
#... ,#.)))).#
, *, #..
#......# , ,
..8,,##[.....#
* * ,,,
#.......#


You could see a green draconian monk, a white draconian (catching breath,
corroded), a purple draconian shifter (catching breath) and a yellow draconian
annihilator (catching breath).

Vanquished Creatures
  An orb of fire (Zot:4)
  Mennas (Vaults:2)
  Sojobo (Vaults:2)
  Boris (Vaults:5)
  the Lernaean hydra (Swamp:4)
  A curse toe (Zot:3)
  8 golden dragons
  Arachne (Spider:2)
  An electric golem (Zot:2)
  Jorgrun (Swamp:3)
  3 liches
  Asterion (Vaults:3)
  8 tentacled monstrosities
  A walking frostbound tome (Depths:4)
  4 titans (Vaults:5)
  7 quicksilver dragons
  6 death cobs
  An ancient champion (Vaults:3)
  3 sphinxes
  12 storm dragons
  Kirke (Lair:4)
  5 shadow dragons
  5 tengu reavers
  A daeva (Depths:2)
  4 fire giants
  A fenstrider witch (Swamp:3)
  10 draconian monks
  4 ghost moths
  5 frost giants
  8 emperor scorpions
  3 orc warlords (Depths:3)
  An emperor scorpion (shapeshifter) (Vaults:4)
  2 deep elf sorcerers (Vaults:5)
  16 vault wardens
  7 draconian knights
  An iron dragon (Vaults:5)
  4 draconian scorchers
  An angel (Depths:2)
  6 draconian shifters
  2 war gargoyles
  14 ironbound preservers
  Aizul (Vaults:2)
  3 draconian stormcallers
  2 broodmothers (Spider:4)
  4 ironbound thunderhulks
  3 spriggan defenders
  11 draconian annihilators
  21 very ugly things
  15 stone giants
  7 black draconians
  11 green draconians
  A reaper (Gauntlet)
  12 red draconians
  9 white draconians
  10 dire elephants
  3 vampire knights
  A minotaur (Gauntlet)
  2 deep elf annihilators
  12 yellow draconians
  4 eleionomae
  5 purple draconians
  3 bunyips
  Azrael (Spider:1)
  4 entropy weavers
  2 pale draconians (Depths:4)
  9 spark wasps
  2 deep elf death magi (Vaults:5)
  Snorg (D:12)
  9 fire dragons
  3 crystal guardians
  8 ettins
  Josephine (D:9)
  8 great orbs of eyes
  4 deep elf high priests (Vaults:5)
  15 yaktaur captains
  A salamander tyrant (Depths:4)
  7 rakshasas
  35 vault guards
  7 ice dragons
  5 spriggan air magi
  An ogre mage (Vaults:5)
  4 radroaches
  5 catoblepae
  3 peacekeepers
  5 boulder beetles
  13 ironbound frosthearts
  18 hydras
  3 jorogumos
  3 two-headed ogres
  11 alligators
  27 death yaks
  12 centaur warriors
  7 deep troll shamans
  2 vampire magi
  9 deep troll earth magi
  4 orc high priests (Orc:2)
  A thrashing horror (Gauntlet)
  A shock serpent (shapeshifter) (Vaults:5)
  5 spriggan berserkers
  4 tengu warriors
  12 iron trolls
  3 pharaoh ants
  A salamander mystic (Depths:4)
  4 skeletal warriors
  62 deep trolls
  3 glowing orange brains
  4 sun moths
  6 goliath frogs
  15 swamp dragons
  An orb spider (shapeshifter) (Vaults:5)
  11 bog bodies
  2 spriggan druids
  7 steelbarb worms
  16 orb spiders
  3 flayed ghosts
  15 lindwurms
  14 ironbound convokers
  5 phantasmal warriors
  9 wizards
  5 harpies (Vaults:2)
  A deep elf zephyrmancer (Vaults:5)
  Pikel (D:8)
  8 orc knights
  2 orc sorcerers (Orc:1)
  A deep elf pyromancer (D:15)
  7 mana vipers (Depths:3)
  A wolf spider (shapeshifter) (Vaults:4)
  19 wolf spiders
  49 ugly things
  6 manticores
  4 oklob plants
  3 cyclopes
  6 salamanders (Depths:4)
  21 moths of wrath
  A faun (shapeshifter) (Vaults:5)
  7 elephants
  4 will-o-the-wisps
  3 black mambas
  Joseph (D:8)
  24 vault sentinels
  8 cane toads
  2 gargoyles
  Maggie (D:6)
  8 rime drakes
  An unseen horror zombie (D:9)
  7 torpor snails
  A kobold demonologist (D:10)
  3 unseen horrors
  6 komodo dragons
  9 demonic crawlers
  3 efreet
  4 freezing wraiths
  26 yaktaurs
  2 ice devils (D:11)
  4 tengu conjurers
  2 hellwings (Gauntlet)
  2 unseen horror skeletons (D:9)
  2 hydra zombies (Swamp:4)
  2 trolls
  8 meliai
  3 polar bears
  17 tarantellas
  12 tyrant leeches
  2 hornets
  20 blink frogs
  30 slime creatures
  4 flying skulls (D:9)
  A centaur simulacrum (D:14)
  24 culicivoras
  17 jumping spiders
  6 shadows
  3 spriggans
  A water elemental (D:15)
  9 humans (D:14)
  14 wyverns
  4 fire elementals (Spider:1)
  5 hogs (Lair:4)
  7 basilisks
  4 wraiths
  48 yaks
  A basilisk (shapeshifter) (D:13)
  46 redbacks
  6 steam dragons
  A redback (shapeshifter) (Vaults:5)
  18 vampire mosquitoes
  Menkaure (D:4)
  A swamp worm (shapeshifter) (D:13)
  6 wargs
  4 hell hounds (Spider:1)
  18 swamp worms
  3 acid dragons
  14 water moccasins
  6 swamp drakes (Swamp:4)
  A floating eye (Lair:3)
  12 orc warriors
  2 ice beasts
  A sky beast (D:7)
  9 ogres
  A boggart (D:13)
  19 wolves
  12 centaurs
  2 phantoms
  2 kobold brigands
  8 bullfrogs
  7 gnoll sergeants
  An earth elemental (Swamp:2)
  2 scorpions
  2 necrophages
  2 small abominations (Gauntlet)
  7 wights
  2 troll zombies (D:12)
  24 killer bees
  5 howler monkeys
  3 electric eels
  6 centaur zombies (D:9)
  2 hounds (D:7)
  4 centaur skeletons (D:9)
  A gnoll bouda (D:7)
  36 orc priests
  Jessica (D:2)
  2 iguanas
  26 orc wizards
  6 hell rats (Lair:3)
  A killer bee zombie (D:9)
  6 ogre zombies (D:12)
  A howler monkey zombie (D:9)
  38 gnolls
  2 howler monkey skeletons (D:9)
  4 adders
  4 shadow imps
  3 white imps
  2 worms
  3 dart slugs
  97 orcs
  5 ball pythons
  8 bats
  5 endoplasms
  4 giant cockroaches
  10 goblins
  10 hobgoblins
  6 jackals
  18 kobolds
  3 quokkas
  2 frilled lizards (D:1)
  6 goblin skeletons (D:12)
  A goblin zombie (D:12)
  8 hobgoblin zombies (D:12)
  An orc skeleton (D:12)
  9 orc zombies (D:12)
  4 rats
  A ball lightning (Swamp:1)
  A bush (Lair:5)
  A fire vortex (D:15)
1860 creatures vanquished.

Vanquished Creatures (collateral kills)
  3 golden dragons
  A fire giant (Vaults:2)
  A draconian annihilator (Zot:4)
  An ironbound preserver (Vaults:1)
  A green draconian (Zot:2)
  An eleionoma (Swamp:3)
  2 yellow draconians
  An ettin (Depths:3)
  An iron golem (Depths:1)
  A great orb of eyes (Vaults:2)
  A boulder beetle (Lair:5)
  A vault guard (Vaults:5)
  3 hydras
  An alligator (Swamp:3)
  A deep troll shaman (Depths:1)
  A deep troll earth mage (Depths:3)
  2 orc high priests (Orc:2)
  A fire crab (D:13)
  An iron troll (Depths:3)
  2 skeletal warriors (D:13)
  4 deep trolls
  A pharaoh ant (Spider:3)
  A goliath frog (Swamp:1)
  2 orb spiders
  A flayed ghost (Depths:4)
  2 bog bodies
  2 swamp dragons
  An obsidian statue (Vaults:4)
  An ironbound convoker (Vaults:4)
  An orc knight (Depths:3)
  2 oklob plants (Lair:5)
  A wolf spider (Spider:3)
  3 cane toads (Lair:5)
  A yaktaur (Vaults:5)
  A meliai (Spider:3)
  6 slime creatures
  4 blink frogs
  A jumping spider (Spider:1)
  3 yaks (Lair:5)
  3 swamp worms (Swamp:1)
  A water moccasin (Lair:5)
  A swamp drake (Swamp:4)
  2 orc warriors
  An ogre (Orc:1)
  An orc priest (Orc:2)
  4 orc wizards
  2 gnolls (D:8)
  4 orcs
84 creatures vanquished.

Vanquished Creatures (others)
  Roxanne (Swamp:1)
  A vault guard (D:14)
  6 bloated husks
  A human (D:14)
  An orc warrior (Orc:1)
  An orc (D:8)
  A ball lightning (Swamp:1)
  3 bushes
  14 foxfires
  31 fungi
  66 plants
126 creatures vanquished.

Grand Total: 2070 creatures vanquished

Notes
Turn   | Place    | Note
-------+----------+-------------------------------------------
     0 | D:1      | qw the Minotaur Berserker began the quest for the Orb.
     0 | D:1      | Reached XP level 1. HP: 19/19 MP: 0/0
     0 | D:1      | 0 ||| qw: Version: 0.1-a-119-g272c26d
     0 | D:1      | 0 ||| qw: Game counter: 11031
     0 | D:1      | 0 ||| qw: Always use a shield: true
     0 | D:1      | 0 ||| qw: Do Orc after D:15 true
     0 | D:1      | 0 ||| qw: Do second Lair branch before Depths: true
     0 | D:1      | 0 ||| qw: Lair rune preference: random
     0 | D:1      | 0 ||| qw: Plans: Normal
     0 | D:1      | 0 ||| PLANNING D:1-11
    22 | D:1      | 22 ||| Stepping ~*~*~tactically~*~*~ (stealth).
    24 | D:1      | 24 ||| Stepping ~*~*~tactically~*~*~ (stealth).
    26 | D:1      | 26 ||| Stepping ~*~*~tactically~*~*~ (stealth).
   199 | D:1      | Reached XP level 2. HP: 26/26 MP: 1/1
   743 | D:1      | Reached ** piety under Trog
   937 | D:1      | Reached XP level 3. HP: 30/31 MP: 2/2
   998 | D:1      | 998 ||| UPGRADING to +0 scale mail.
  1008 | D:1      | 1008 ||| DROPPING +0 animal skin.
  1009 | D:1      | 1009 ||| UPGRADING to +4 ring of protection.
  1010 | D:1      | 1010 ||| UPGRADING to +4 ring of slaying {mikee}.
  1011 | D:1      | 1011 ||| READING scroll labelled GIDDEBO BIOROA.
  1012 | D:1      | 1012 ||| READING scroll labelled TUZEEN BUDUNTO.
  1013 | D:1      | 1013 ||| READING scroll labelled BULO ONARRIRYRHAE.
  1014 | D:1      | 1014 ||| DRINKING 2 sapphire potions.
  1073 | D:2      | 1073 ||| Stepping ~*~*~tactically~*~*~ (stealth).
  1074 | D:2      | 1074 ||| Stepping ~*~*~tactically~*~*~ (stealth).
  1138 | D:2      | 1138 ||| INVOKING Berserk.
  1721 | D:2      | Noticed Jessica
  1722 | D:2      | 1722 ||| Stepping ~*~*~tactically~*~*~ (hiding).
  1732 | D:2      | Killed Jessica
  1733 | D:2      | Reached XP level 4. HP: 39/39 MP: 3/3
  1867 | D:2      | 1867 ||| UPGRADING to +0 cloak.
  1872 | D:2      | 1872 ||| READING scroll labelled LILLAR GECEA.
  1873 | D:2      | 1873 ||| DRINKING 2 sedimented blue potions.
  1874 | D:2      | 1874 ||| DRINKING 2 smoky ruby potions.
  1875 | D:2      | 1875 ||| DROPPING potion of brilliance.
  1959 | D:3      | Found a runed translucent door.
  1960 | D:3      | Noticed Crazy Yiuf
  2047 | D:3      | 2047 ||| Stepping ~*~*~tactically~*~*~ (stealth).
  2172 | D:3      | 2172 ||| Stepping ~*~*~tactically~*~*~ (hiding).
  2220 | D:3      | 2220 ||| DROPPING +0 whip.
  2355 | D:3      | Reached skill level 6 in Axes
  2707 | D:3      | 2707 ||| Stepping ~*~*~tactically~*~*~ (stealth).
  2708 | D:3      | 2708 ||| DROPPING +0 mace of protection.
  2829 | D:3      | 2829 ||| UPGRADING to amulet of reflection.
  2834 | D:3      | 2834 ||| DROPPING amulet of magic regeneration.
  2969 | D:4      | Noticed Menkaure
  2972 | D:4      | 2972 ||| INVOKING Berserk.
  2975 | D:4      | Killed Menkaure
  2976 | D:4      | Reached XP level 5. HP: 25/45 MP: 4/4
  2987 | D:4      | HP: 10/45 [howler monkey (3)]
  2988 | D:4      | 2988 ||| DRINKING 3 potions of heal wounds.
  2990 | D:4      | Reached skill level 4 in Fighting
  2990 | D:4      | Reached XP level 6. HP: 36/52 MP: 5/5
  3295 | D:4      | Found a staircase to the Ecumenical Temple.
  3342 | D:4      | 3342 ||| Stepping ~*~*~tactically~*~*~ (stealth).
  3344 | D:4      | 3344 ||| Stepping ~*~*~tactically~*~*~ (stealth).
  3346 | D:4      | 3346 ||| Stepping ~*~*~tactically~*~*~ (hiding).
  3348 | D:4      | 3348 ||| Stepping ~*~*~tactically~*~*~ (hiding).
  3352 | D:4      | 3352 ||| INVOKING Berserk.
  3356 | D:4      | Reached *** piety under Trog
  3472 | D:4      | 3472 ||| SWAPPING to +2 hand axe of flaming.
  3473 | D:4      | 3473 ||| DROPPING +0 flail.
  3474 | D:4      | 3474 ||| DROPPING +1 hand axe.
  3525 | D:4      | 3525 ||| INVOKING Berserk.
  3665 | D:4      | 3665 ||| Stepping ~*~*~tactically~*~*~ (hiding).
  3669 | D:4      | 3669 ||| INVOKING Berserk.
  3681 | D:4      | 3681 ||| Stepping ~*~*~tactically~*~*~ (stealth).
  3816 | D:4      | 3816 ||| Stepping ~*~*~tactically~*~*~ (stealth).
  3818 | D:4      | 3818 ||| Stepping ~*~*~tactically~*~*~ (hiding).
  3821 | D:4      | 3821 ||| Stepping ~*~*~tactically~*~*~ (hiding).
  3822 | D:4      | 3822 ||| Stepping ~*~*~tactically~*~*~ (hiding).
  3824 | D:4      | 3824 ||| Stepping ~*~*~tactically~*~*~ (hiding).
  3827 | D:4      | 3827 ||| INVOKING Berserk.
  3838 | D:4      | 3838 ||| Stepping ~*~*~tactically~*~*~ (hiding).
  3839 | D:4      | 3839 ||| Stepping ~*~*~tactically~*~*~ (hiding).
  3896 | D:4      | 3896 ||| Stepping ~*~*~tactically~*~*~ (stealth).
  4023 | D:4      | Found Mypt's Antique Armour Shop.
  4031 | D:4      | 4031 ||| SHOPLISTING pair of embroidered gloves (210 gold,
                  | have 183).
  4031 | D:4      | 4031 ||| SHOPLISTING runed scarf (224 gold, have 183).
  4068 | D:4      | 4068 ||| Stepping ~*~*~tactically~*~*~ (stealth).
  4114 | D:4      | Found a shadowy altar of Dithmenos.
  4273 | D:4      | 4273 ||| UPGRADING to +0 chain mail.
  4283 | D:4      | 4283 ||| DROPPING +0 scale mail.
  4284 | D:4      | 4284 ||| READING scroll labelled TUDDET JEAJ.
  4285 | D:4      | 4285 ||| DRINKING 2 fizzy yellow potions.
  4286 | D:4      | 4286 ||| READING 3 scrolls of identify.
  4286 | D:4      | 4286 ||| IDENTIFYING inky potion
  4287 | D:4      | 4287 ||| READING 2 scrolls of identify.
  4287 | D:4      | 4287 ||| IDENTIFYING glowing cyan potion
  4288 | D:4      | 4288 ||| DROPPING potion of degeneration.
  4289 | D:4      | 4289 ||| DROPPING potion of attraction.
  4316 | D:5      | Entered Level 5 of the Dungeon
  4413 | D:5      | Reached skill level 9 in Axes
  4413 | D:5      | Reached XP level 7. HP: 59/59 MP: 6/6
  4469 | D:5      | 4469 ||| SWAPPING to +0 war axe.
  4493 | D:5      | 4493 ||| READING scroll of enchant weapon.
  4493 | D:5      | 4493 ||| ENCHANTING +0 war axe.
  4501 | D:5      | Found an ancient bone altar of Kikubaaqudgha.
  4505 | D:5      | Found a hide-covered altar of Uskayaw.
  4505 | D:5      | Found a hazy altar of Hepliaklqana.
  4505 | D:5      | Found a snail-covered altar of Cheibriados.
  4507 | D:5      | Found a white marble altar of Elyvilon.
  4509 | D:5      | Found a basalt altar of Yredelemnul.
  4511 | D:5      | Found a shimmering blue altar of Sif Muna.
  4534 | D:5      | Reached skill level 3 in Armour
  4582 | D:5      | 4582 ||| Stepping ~*~*~tactically~*~*~ (hiding).
  4583 | D:5      | 4583 ||| Stepping ~*~*~tactically~*~*~ (hiding).
  4775 | D:5      | 4775 ||| Stepping ~*~*~tactically~*~*~ (stealth).
  4786 | D:5      | Reached skill level 5 in Fighting
  4792 | D:5      | 4792 ||| Stepping ~*~*~tactically~*~*~ (hiding).
  5137 | D:5      | 5137 ||| INVOKING Berserk.
  5392 | D:5      | 5392 ||| INVOKING Berserk.
  5429 | D:5      | 5429 ||| FLEEEEING.
  5430 | D:5      | 5430 ||| FLEEEEING.
  5431 | D:5      | 5431 ||| FLEEEEING.
  5432 | D:5      | 5432 ||| FLEEEEING.
  5433 | D:5      | 5433 ||| FLEEEEING.
  5434 | D:5      | 5434 ||| FLEEEEING.
  5435 | D:5      | 5435 ||| FLEEEEING.
  5526 | D:5      | 5526 ||| READING scroll labelled YXKYRPH KAROPIUB.
  5526 | D:5      | Identified a scroll of acquirement
  5526 | D:5      | 5526 ||| ACQUIRING +1 vorpal broad axe
  5526 | D:5      | Acquired a +1 vorpal broad axe
  5528 | D:5      | 5528 ||| SWAPPING to +1 vorpal broad axe.
  5529 | D:5      | 5529 ||| DROPPING +1 war axe.
  5530 | D:5      | 5530 ||| DRINKING 2 green potions.
  5531 | D:5      | 5531 ||| DRINKING 2 brown potions.
  5531 | D:5      | Reached skill level 14 in Fighting
  5531 | D:5      | Reached XP level 8. HP: 90/90 MP: 7/7
  5532 | D:5      | 5532 ||| DRINKING potion of experience.
  5532 | D:5      | Reached XP level 9. HP: 96/96 MP: 8/8
  5533 | D:5      | 5533 ||| READING 2 scrolls of identify.
  5533 | D:5      | 5533 ||| IDENTIFYING glowing golden potion
  5534 | D:5      | 5534 ||| DROPPING potion of invisibility.
  5535 | D:5      | 5535 ||| DROPPING potion of flight.
  5706 | D:6      | 5706 ||| Stepping ~*~*~tactically~*~*~ (stealth).
  5711 | D:6      | 5711 ||| Stepping ~*~*~tactically~*~*~ (stealth).
  5720 | D:6      | 5720 ||| Stepping ~*~*~tactically~*~*~ (stealth).
  5721 | D:6      | 5721 ||| Stepping ~*~*~tactically~*~*~ (stealth).
  5730 | D:6      | 5730 ||| Stepping ~*~*~tactically~*~*~ (stealth).
  5913 | D:6      | 5913 ||| Stepping ~*~*~tactically~*~*~ (stealth).
  5919 | D:6      | 5919 ||| READING scroll of enchant weapon.
  5919 | D:6      | 5919 ||| ENCHANTING +1 vorpal broad axe.
  5937 | D:6      | Noticed Maggie
  5943 | D:6      | Killed Maggie
  5944 | D:6      | Reached XP level 10. HP: 102/104 MP: 9/9
  6148 | D:6      | 6148 ||| Stepping ~*~*~tactically~*~*~ (hiding).
  6155 | D:6      | 6155 ||| Stepping ~*~*~tactically~*~*~ (stealth).
  6424 | D:6      | 6424 ||| READING 2 scrolls labelled HUTSUUTUESM.
  6429 | D:6      | 6429 ||| READING 3 scrolls labelled LOXKOS ZEYRPHU.
  6430 | D:6      | 6430 ||| READING 2 scrolls of identify.
  6430 | D:6      | 6430 ||| IDENTIFYING sedimented sapphire potion
  6431 | D:6      | 6431 ||| DROPPING potion of berserk rage.
  6432 | D:6      | 6432 ||| DROPPING 2 scrolls of poison.
  6433 | D:6      | 6433 ||| READING scroll of teleportation.
  6487 | D:7      | 6487 ||| Stepping ~*~*~tactically~*~*~ (stealth).
  6503 | D:7      | 6503 ||| Stepping ~*~*~tactically~*~*~ (stealth).
  6504 | D:7      | 6504 ||| Stepping ~*~*~tactically~*~*~ (stealth).
  6523 | D:7      | Reached skill level 3 in Dodging
  6639 | D:7      | 6639 ||| Stepping ~*~*~tactically~*~*~ (hiding).
  6668 | D:7      | Reached **** piety under Trog
  6690 | D:7      | You fall into a shaft and drop 3 floors!
  6690 | D:10     | Entered Level 10 of the Dungeon
  6847 | D:10     | 6847 ||| INVOKING Berserk.
  7136 | D:9      | Noticed a two-headed ogre
  7139 | D:9      | 7139 ||| INVOKING Berserk.
  7142 | D:9      | Killed a two-headed ogre
  7143 | D:9      | Reached skill level 15 in Axes
  7253 | D:9      | Reached skill level 6 in Armour
  7342 | D:9      | Noticed a two-headed ogre
  7346 | D:9      | 7346 ||| INVOKING Berserk.
  7349 | D:9      | Killed a two-headed ogre
  7624 | D:9      | Noticed a skeletal warrior
  7626 | D:9      | Noticed Josephine
  7633 | D:9      | Reached XP level 11. HP: 78/111 MP: 10/10
  7638 | D:9      | 7638 ||| INVOKING Berserk.
  7642 | D:9      | Killed Josephine
  7644 | D:9      | HP: 39/166 [something (15)]
  7647 | D:9      | Killed a skeletal warrior
  7665 | D:9      | HP: 30/166 [wight/+0 war axe (3)]
  7669 | D:9      | Reached ***** piety under Trog
  7673 | D:9      | HP: 17/111 [centaur skeleton (2)]
  7674 | D:9      | 7674 ||| DRINKING 3 potions of heal wounds.
  7675 | D:9      | 7675 ||| INVOKING Brothers in Arms.
  8028 | D:9      | Found a blossoming altar of Fedhas.
  8030 | D:9      | 8030 ||| UPGRADING to ring of poison resistance.
  8032 | D:9      | 8032 ||| READING 2 scrolls labelled GAEJIU ASOT.
  8223 | D:9      | 8223 ||| READING scroll labelled BELUPTIGIGH.
  8224 | D:9      | 8224 ||| DROPPING scroll of torment.
  8234 | D:8      | Noticed a two-headed ogre
  8238 | D:8      | 8238 ||| INVOKING Berserk.
  8248 | D:8      | HP: 31/166 [two-headed ogre/+0 giant club (19)]
  8249 | D:8      | Killed a two-headed ogre
  8253 | D:8      | HP: 16/111 [poisoned by a killer bee]
  8661 | D:8      | 8661 ||| DRINKING 2 red potions.
  8743 | D:7      | 8743 ||| INVOKING Berserk.
  8859 | D:7      | Found Umipibebb's General Store.
  8868 | D:7      | 8868 ||| BUYING +1 ring mail of fire resistance (240 gold).
  8868 | D:7      | Bought a +1 ring mail of fire resistance for 240 gold
                  | pieces
  8868 | D:7      | 8868 ||| BUYING potion of heal wounds (75 gold).
  8868 | D:7      | Bought a potion of heal wounds for 75 gold pieces
  8936 | D:7      | 8936 ||| INVOKING Berserk.
  9136 | D:7      | 9136 ||| Stepping ~*~*~tactically~*~*~ (hiding).
  9291 | D:7      | Found a large runed translucent door.
  9291 | D:7      | Found a large runed translucent door.
  9292 | D:7      | Noticed qw's ghost (novice MiBe)
  9314 | D:7      | 9314 ||| Stepping ~*~*~tactically~*~*~ (hiding).
  9383 | D:7      | Found an ornate altar of the Wu Jian Council.
  9423 | D:7      | 9423 ||| UPGRADING to +0 pair of boots.
  9428 | D:7      | 9428 ||| UPGRADING to +0 kite shield.
  9433 | D:7      | 9433 ||| DROPPING ring of protection from cold.
  9434 | D:7      | 9434 ||| DRINKING 2 lumpy amethyst potions.
  9434 | D:7      | Gained mutation: You have large cloven feet. [potion of
                  | mutation]
  9434 | D:7      | Gained mutation: You have very sharp teeth. [potion of
                  | mutation]
  9434 | D:7      | Lost mutation: You have large cloven feet. [potion of
                  | mutation]
  9434 | D:7      | Gained mutation: You passively map a small area around you.
                  | [potion of mutation]
  9470 | D:8      | 9470 ||| Stepping ~*~*~tactically~*~*~ (cloud).
  9472 | D:8      | 9472 ||| Stepping ~*~*~tactically~*~*~ (cloud).
  9473 | D:8      | 9473 ||| FLEEEEING.
  9474 | D:8      | 9474 ||| FLEEEEING.
  9475 | D:8      | 9475 ||| FLEEEEING.
  9480 | D:8      | 9480 ||| Stepping ~*~*~tactically~*~*~ (hiding).
  9482 | D:8      | 9482 ||| INVOKING Berserk.
  9488 | D:8      | Reached skill level 1 in Shields
  9495 | D:8      | 9495 ||| INVOKING Brothers in Arms.
  9499 | D:8      | HP: 25/111 [gnoll/+0 halberd[a gnoll sergeant] (12)]
  9500 | D:8      | 9500 ||| DRINKING 3 potions of curing.
  9500 | D:8      | 9500 ||| (to cure confusion)
  9502 | D:8      | HP: 12/111 [gnoll/+0 halberd[a gnoll sergeant] (12)]
  9503 | D:8      | 9503 ||| DRINKING 3 potions of heal wounds.
  9902 | D:8      | Found a staircase to the Lair.
  9927 | D:8      | Noticed Pikel
  9929 | D:8      | 9929 ||| Stepping ~*~*~tactically~*~*~ (stealth).
  9936 | D:8      | Killed Pikel
  9937 | D:8      | Reached skill level 3 in Shields
 10013 | D:8      | Noticed Joseph
 10014 | D:8      | 10014 ||| Stepping ~*~*~tactically~*~*~ (hiding).
 10024 | D:8      | Killed Joseph
 10111 | D:8      | 10111 ||| PLANNING LAIR
 10111 | D:8      | 10111 ||| DROPPING +1 ring mail of fire resistance.
 10112 | D:8      | 10112 ||| UPGRADING to +0 plate armour.
 10122 | D:8      | 10122 ||| DROPPING +0 chain mail.
 10123 | D:8      | 10123 ||| DROPPING ring of positive energy.
 10124 | D:8      | 10124 ||| READING scroll labelled BOUQAI UZOIGEI.
 10125 | D:8      | 10125 ||| READING 2 scrolls of identify.
 10125 | D:8      | 10125 ||| IDENTIFYING fizzy dark potion
 10168 | Lair:1   | Entered Level 1 of the Lair of Beasts
 10176 | Lair:1   | 10176 ||| INVOKING Berserk.
 10423 | Lair:1   | 10423 ||| Stepping ~*~*~tactically~*~*~ (stealth).
 10429 | Lair:1   | 10429 ||| INVOKING Berserk.
 10575 | Lair:1   | 10575 ||| INVOKING Berserk.
 10764 | Lair:1   | 10764 ||| INVOKING Berserk.
 10766 | Lair:1   | Reached skill level 6 in Shields
 10771 | Lair:1   | Reached XP level 12. HP: 118/118 MP: 11/11
 10774 | Lair:1   | 10774 ||| INVOKING Brothers in Arms.
 10963 | Lair:1   | 10963 ||| INVOKING Berserk.
 11114 | Lair:1   | 11114 ||| INVOKING Berserk.
 11284 | Lair:1   | 11284 ||| INVOKING Berserk.
 11415 | Lair:1   | 11415 ||| Stepping ~*~*~tactically~*~*~ (stealth).
 11425 | Lair:1   | Reached skill level 9 in Shields
 11428 | Lair:1   | 11428 ||| DRINKING 2 potions of cancellation.
 11797 | Lair:1   | 11797 ||| READING scroll labelled ZOCSUP QEPON.
 11798 | Lair:1   | 11798 ||| READING scroll labelled SIQOMOELAT.
 11923 | Lair:2   | Found a hole to the Spider Nest.
 11924 | Lair:2   | 11924 ||| INVOKING Brothers in Arms.
 12637 | Lair:2   | 12637 ||| INVOKING Berserk.
 12677 | Lair:2   | 12677 ||| Stepping ~*~*~tactically~*~*~ (stealth).
 12830 | Lair:2   | Noticed a death yak
 12830 | Lair:2   | Noticed a death yak
 12831 | Lair:2   | Noticed a death yak
 12834 | Lair:2   | 12834 ||| INVOKING Berserk.
 12834 | Lair:2   | Noticed a death yak
 12842 | Lair:2   | Killed a death yak
 12843 | Lair:2   | Killed a death yak
 12848 | Lair:2   | Killed a death yak
 12850 | Lair:2   | Killed a death yak
 13040 | Lair:2   | 13040 ||| Stepping ~*~*~tactically~*~*~ (hiding).
 13045 | Lair:2   | 13045 ||| INVOKING Berserk.
 13047 | Lair:2   | Found a staircase to the Swamp.
 13404 | Lair:3   | 13404 ||| STAIRDANCE
 13441 | Lair:3   | Reached skill level 9 in Armour
 13559 | Lair:3   | Noticed a death yak
 13559 | Lair:3   | Noticed a death yak
 13559 | Lair:3   | Noticed a death yak
 13560 | Lair:3   | 13560 ||| Stepping ~*~*~tactically~*~*~ (stealth).
 13561 | Lair:3   | Noticed a death yak
 13562 | Lair:3   | 13562 ||| Stepping ~*~*~tactically~*~*~ (stealth).
 13564 | Lair:3   | 13564 ||| INVOKING Berserk.
 13568 | Lair:3   | Killed a death yak
 13572 | Lair:3   | Killed a death yak
 13577 | Lair:3   | Killed a death yak
 13578 | Lair:3   | Reached skill level 18 in Axes
 13584 | Lair:3   | Killed a death yak
 13585 | Lair:3   | Reached XP level 13. HP: 125/125 MP: 12/12
 13602 | Lair:3   | 13602 ||| Stepping ~*~*~tactically~*~*~ (stealth).
 13616 | Lair:3   | 13616 ||| FLEEEEING.
 13617 | Lair:3   | 13617 ||| Stepping ~*~*~tactically~*~*~ (hiding).
 13640 | Lair:3   | 13640 ||| INVOKING Berserk.
 13672 | Lair:3   | 13672 ||| FLEEEEING.
 13673 | Lair:3   | 13673 ||| FLEEEEING.
 13674 | Lair:3   | 13674 ||| FLEEEEING.
 13675 | Lair:3   | 13675 ||| FLEEEEING.
 13676 | Lair:3   | 13676 ||| FLEEEEING.
 13677 | Lair:3   | 13677 ||| FLEEEEING.
 13679 | Lair:3   | 13679 ||| FLEEEEING.
 13680 | Lair:3   | 13680 ||| FLEEEEING.
 13690 | Lair:3   | 13690 ||| FLEEEEING.
 13691 | Lair:3   | 13691 ||| STAIRDANCE
 13915 | Lair:3   | 13915 ||| INVOKING Berserk.
 14009 | Lair:3   | 14009 ||| DRINKING potion of cancellation.
 14025 | Lair:3   | Reached skill level 12 in Shields
 14083 | Lair:3   | 14083 ||| Stepping ~*~*~tactically~*~*~ (stealth).
 14085 | Lair:3   | 14085 ||| Stepping ~*~*~tactically~*~*~ (stealth).
 14091 | Lair:3   | Paralysed by a floating eye for 3 turns
 14210 | Lair:3   | 14210 ||| Stepping ~*~*~tactically~*~*~ (stealth).
 14211 | Lair:3   | 14211 ||| Stepping ~*~*~tactically~*~*~ (stealth).
 14212 | Lair:3   | 14212 ||| Stepping ~*~*~tactically~*~*~ (stealth).
 14272 | Lair:3   | 14272 ||| Stepping ~*~*~tactically~*~*~ (stealth).
 14273 | Lair:3   | 14273 ||| Stepping ~*~*~tactically~*~*~ (stealth).
 14281 | Lair:3   | 14281 ||| INVOKING Berserk.
 14370 | Lair:3   | 14370 ||| Stepping ~*~*~tactically~*~*~ (stealth).
 14398 | Lair:3   | 14398 ||| INVOKING Berserk.
 14699 | Lair:3   | 14699 ||| INVOKING Berserk.
 15089 | Lair:3   | 15089 ||| READING scroll labelled INUDDO SINTODD.
 15211 | Lair:4   | 15211 ||| INVOKING Berserk.
 15239 | Lair:4   | 15239 ||| Stepping ~*~*~tactically~*~*~ (stealth).
 15241 | Lair:4   | 15241 ||| Stepping ~*~*~tactically~*~*~ (stealth).
 15368 | Lair:4   | 15368 ||| Stepping ~*~*~tactically~*~*~ (stealth).
 15369 | Lair:4   | 15369 ||| Stepping ~*~*~tactically~*~*~ (stealth).
 15372 | Lair:4   | 15372 ||| Stepping ~*~*~tactically~*~*~ (stealth).
 15385 | Lair:4   | 15385 ||| Stepping ~*~*~tactically~*~*~ (stealth).
 15387 | Lair:4   | 15387 ||| INVOKING Brothers in Arms.
 15391 | Lair:4   | 15391 ||| SWAPPING to +2 hand axe of flaming.
 15392 | Lair:4   | 15392 ||| INVOKING Berserk.
 15405 | Lair:4   | 15405 ||| SWAPPING to +2 broad axe of freezing.
 15588 | Lair:4   | Noticed Kirke
 15589 | Lair:4   | 15589 ||| Stepping ~*~*~tactically~*~*~ (stealth).
 15591 | Lair:4   | 15591 ||| Stepping ~*~*~tactically~*~*~ (stealth).
 15594 | Lair:4   | 15594 ||| Stepping ~*~*~tactically~*~*~ (stealth).
 15595 | Lair:4   | 15595 ||| INVOKING Berserk.
 15619 | Lair:4   | Killed Kirke
 15935 | Lair:4   | 15935 ||| INVOKING Berserk.
 16621 | Lair:4   | 16621 ||| DROPPING amulet of guardian spirit.
 16639 | Lair:5   | Entered Level 5 of the Lair of Beasts
 16642 | Lair:5   | 16642 ||| STAIRDANCE
 16684 | Lair:5   | 16684 ||| STAIRDANCE
 16688 | Lair:4   | 16688 ||| Stepping ~*~*~tactically~*~*~ (stealth).
 16691 | Lair:4   | Reached skill level 12 in Armour
 16845 | Lair:5   | Reached skill level 3 in Throwing
 16874 | Lair:5   | 16874 ||| STAIRDANCE
 16889 | Lair:5   | 16889 ||| STAIRDANCE
 16917 | Lair:5   | 16917 ||| STAIRDANCE
 16918 | Lair:5   | 16918 ||| INVOKING Brothers in Arms.
 16919 | Lair:5   | 16919 ||| Stepping ~*~*~tactically~*~*~ (cloud).
 16920 | Lair:5   | 16920 ||| Stepping ~*~*~tactically~*~*~ (cloud).
 16921 | Lair:5   | 16921 ||| INVOKING Berserk.
 16940 | Lair:5   | Reached XP level 14. HP: 123/133 MP: 13/13
 17032 | Lair:5   | 17032 ||| Stepping ~*~*~tactically~*~*~ (stealth).
 17037 | Lair:5   | 17037 ||| INVOKING Berserk.
 17134 | Lair:5   | 17134 ||| Stepping ~*~*~tactically~*~*~ (stealth).
 17158 | Lair:5   | 17158 ||| Stepping ~*~*~tactically~*~*~ (stealth).
 17169 | Lair:5   | Reached skill level 15 in Fighting
 17185 | Lair:5   | 17185 ||| INVOKING Brothers in Arms.
 17188 | Lair:5   | Found a viscous altar of Jiyva.
 17189 | Lair:5   | Found a staircase to the Slime Pits.
 17190 | Lair:5   | 17190 ||| INVOKING Berserk.
 17199 | Lair:5   | Reached skill level 6 in Dodging
 17420 | Lair:5   | 17420 ||| INVOKING Brothers in Arms.
 17421 | Lair:5   | 17421 ||| INVOKING Brothers in Arms.
 17428 | Lair:5   | 17428 ||| INVOKING Berserk.
 17446 | Lair:5   | 17446 ||| SWAPPING to +2 hand axe of flaming.
 17450 | Lair:5   | 17450 ||| SWAPPING to +2 broad axe of freezing.
 17526 | Lair:5   | 17526 ||| INVOKING Brothers in Arms.
 17528 | Lair:5   | 17528 ||| SWAPPING to +2 hand axe of flaming.
 17530 | Lair:5   | 17530 ||| INVOKING Berserk.
 17533 | Lair:5   | Reached skill level 15 in Shields
 17570 | Lair:5   | 17570 ||| SWAPPING to +2 broad axe of freezing.
 17696 | Lair:5   | 17696 ||| INVOKING Berserk.
 17823 | Lair:5   | 17823 ||| Stepping ~*~*~tactically~*~*~ (hiding).
 17826 | Lair:5   | 17826 ||| INVOKING Berserk.
 17945 | Lair:5   | 17945 ||| FLEEEEING.
 17946 | Lair:5   | 17946 ||| FLEEEEING.
 17947 | Lair:5   | 17947 ||| FLEEEEING.
 17948 | Lair:5   | 17948 ||| FLEEEEING.
 17964 | Lair:5   | 17964 ||| FLEEEEING.
 17965 | Lair:5   | 17965 ||| FLEEEEING.
 17966 | Lair:5   | 17966 ||| FLEEEEING.
 17967 | Lair:5   | 17967 ||| FLEEEEING.
 17968 | Lair:5   | 17968 ||| FLEEEEING.
 17969 | Lair:5   | 17969 ||| FLEEEEING.
 17970 | Lair:5   | 17970 ||| FLEEEEING.
 17971 | Lair:5   | 17971 ||| FLEEEEING.
 17972 | Lair:5   | 17972 ||| FLEEEEING.
 17976 | Lair:5   | 17976 ||| INVOKING Berserk.
 18053 | Lair:5   | 18053 ||| FLEEEEING.
 18054 | Lair:5   | 18054 ||| FLEEEEING.
 18055 | Lair:5   | 18055 ||| FLEEEEING.
 18232 | Lair:5   | 18232 ||| FLEEEEING.
 18233 | Lair:5   | 18233 ||| FLEEEEING.
 18234 | Lair:5   | 18234 ||| FLEEEEING.
 18235 | Lair:5   | 18235 ||| FLEEEEING.
 18244 | Lair:5   | 18244 ||| STAIRDANCE
 18353 | Lair:4   | 18353 ||| DROPPING ring of ice.
 18354 | Lair:4   | 18354 ||| READING 4 scrolls of identify.
 18354 | Lair:4   | 18354 ||| IDENTIFYING yellow potion
 18355 | Lair:4   | 18355 ||| DROPPING potion of ambrosia.
 18451 | Lair:5   | 18451 ||| Stepping ~*~*~tactically~*~*~ (stealth).
 18456 | Lair:5   | 18456 ||| Stepping ~*~*~tactically~*~*~ (stealth).
 18462 | Lair:5   | 18462 ||| Stepping ~*~*~tactically~*~*~ (stealth).
 18463 | Lair:5   | 18463 ||| Stepping ~*~*~tactically~*~*~ (stealth).
 18468 | Lair:5   | 18468 ||| INVOKING Berserk.
 18609 | Lair:5   | 18609 ||| INVOKING Berserk.
 18629 | Lair:5   | 18629 ||| Stepping ~*~*~tactically~*~*~ (cloud).
 18807 | Lair:5   | Identified the +3 quick blade "Qecanell" {antimagic, Will+
                  | Str+7}
 18896 | Lair:5   | 18896 ||| PLANNING D:1-11
 18903 | Lair:5   | 18903 ||| FLEEEEING.
 18905 | Lair:5   | 18905 ||| FLEEEEING.
 18907 | Lair:5   | 18907 ||| FLEEEEING.
 18908 | Lair:5   | 18908 ||| FLEEEEING.
 18909 | Lair:5   | 18909 ||| FLEEEEING.
 18910 | Lair:5   | 18910 ||| FLEEEEING.
 18911 | Lair:5   | 18911 ||| FLEEEEING.
 18912 | Lair:5   | 18912 ||| FLEEEEING.
 18922 | Lair:5   | 18922 ||| STAIRDANCE
 19498 | D:9      | 19498 ||| Stepping ~*~*~tactically~*~*~ (stealth).
 20008 | D:10     | 20008 ||| Stepping ~*~*~tactically~*~*~ (hiding).
 20009 | D:10     | 20009 ||| Stepping ~*~*~tactically~*~*~ (hiding).
 20154 | D:10     | Reached skill level 16 in Fighting
 20357 | D:10     | 20357 ||| DROPPING +6 ring of intelligence.
 20358 | D:10     | 20358 ||| READING 2 scrolls labelled NIOCIO ATHE.
 20359 | D:10     | 20359 ||| DROPPING scroll of vulnerability.
 20489 | D:11     | 20489 ||| Stepping ~*~*~tactically~*~*~ (hiding).
 20758 | D:11     | Found Fadghocwe's General Store.
 20765 | D:11     | 20765 ||| BUYING wand of digging (5) (273 gold).
 20765 | D:11     | Bought a wand of digging (5) for 273 gold pieces
 20891 | D:11     | 20891 ||| FLEEEEING.
 20892 | D:11     | 20892 ||| FLEEEEING.
 20893 | D:11     | 20893 ||| FLEEEEING.
 20894 | D:11     | 20894 ||| INVOKING Brothers in Arms.
 20896 | D:11     | 20896 ||| SWAPPING to +2 hand axe of flaming.
 20897 | D:11     | 20897 ||| INVOKING Berserk.
 20919 | D:11     | 20919 ||| SWAPPING to +2 broad axe of freezing.
 21143 | D:11     | Found a portal to a secret trove of treasure.
 21440 | D:11     | 21440 ||| PLANNING D
 21440 | D:11     | 21440 ||| DROPPING amulet of the acrobat.
 21581 | D:12     | Reached XP level 15. HP: 139/145 MP: 14/14
 21620 | D:12     | 21620 ||| Stepping randomly (disturbance).
 21653 | D:12     | 21653 ||| Stepping ~*~*~tactically~*~*~ (stealth).
 21669 | D:12     | 21669 ||| Stepping ~*~*~tactically~*~*~ (stealth).
 21670 | D:12     | 21670 ||| Stepping ~*~*~tactically~*~*~ (stealth).
 21671 | D:12     | 21671 ||| Stepping ~*~*~tactically~*~*~ (stealth).
 21726 | D:12     | 21726 ||| Stepping ~*~*~tactically~*~*~ (stealth).
 21737 | D:12     | 21737 ||| Stepping ~*~*~tactically~*~*~ (hiding).
 21739 | D:12     | 21739 ||| Stepping ~*~*~tactically~*~*~ (stealth).
 21742 | D:12     | 21742 ||| Stepping ~*~*~tactically~*~*~ (stealth).
 21743 | D:12     | 21743 ||| Stepping ~*~*~tactically~*~*~ (hiding).
 21744 | D:12     | 21744 ||| Stepping ~*~*~tactically~*~*~ (hiding).
 21759 | D:12     | 21759 ||| Stepping ~*~*~tactically~*~*~ (stealth).
 21805 | D:12     | Reached skill level 17 in Fighting
 21845 | D:12     | Found a staircase to the Orcish Mines.
 21848 | D:12     | 21848 ||| Stepping ~*~*~tactically~*~*~ (stealth).
 21851 | D:12     | 21851 ||| Stepping ~*~*~tactically~*~*~ (stealth).
 21866 | D:12     | 21866 ||| DRINKING potion of experience.
 21866 | D:12     | Reached XP level 16. HP: 155/155 MP: 15/15
 21919 | D:12     | 21919 ||| READING scroll of enchant armour.
 21919 | D:12     | 21919 ||| ENCHANTING +0 pair of boots.
 22006 | D:12     | 22006 ||| Stepping ~*~*~tactically~*~*~ (stealth).
 22007 | D:12     | 22007 ||| Stepping ~*~*~tactically~*~*~ (stealth).
 22045 | D:12     | 22045 ||| Stepping ~*~*~tactically~*~*~ (stealth).
 22048 | D:12     | 22048 ||| Stepping ~*~*~tactically~*~*~ (stealth).
 22251 | D:12     | Noticed Snorg
 22252 | D:12     | 22252 ||| INVOKING Brothers in Arms.
 22256 | D:12     | 22256 ||| INVOKING Berserk.
 22261 | D:12     | Killed Snorg
 22398 | D:12     | 22398 ||| DROPPING ring of resist corrosion.
 22490 | D:13     | 22490 ||| INVOKING Berserk.
 22611 | D:13     | 22611 ||| Stepping randomly (disturbance).
 22688 | D:13     | 22688 ||| Stepping ~*~*~tactically~*~*~ (hiding).
 22815 | D:13     | 22815 ||| Stepping ~*~*~tactically~*~*~ (stealth).
 22817 | D:13     | 22817 ||| Stepping ~*~*~tactically~*~*~ (stealth).
 22819 | D:13     | 22819 ||| Stepping ~*~*~tactically~*~*~ (hiding).
 23017 | D:13     | 23017 ||| Stepping ~*~*~tactically~*~*~ (hiding).
 23030 | D:13     | 23030 ||| Stepping ~*~*~tactically~*~*~ (hiding).
 23225 | D:13     | 23225 ||| INVOKING Brothers in Arms.
 23231 | D:13     | 23231 ||| INVOKING Brothers in Arms.
 23237 | D:13     | 23237 ||| INVOKING Berserk.
 23240 | D:13     | Reached skill level 15 in Armour
 23393 | D:13     | Found the ring of the Octopus King
 23406 | D:13     | Identified a ring of the Octopus King {Wiz HP+2 AC+2 EV+2
                  | SH+2}
 23497 | D:13     | Identified the ring "Noshappuata" {Fire rPois rN++ Dex+4}
 23637 | D:13     | 23637 ||| INVOKING Berserk.
 23645 | D:13     | 23645 ||| INVOKING Brothers in Arms.
 23707 | D:13     | 23707 ||| DROPPING +4 ring of protection.
 23708 | D:13     | 23708 ||| UPGRADING to ring of the Octopus King {Wiz HP+2
                  | AC+2 EV+2 SH+2}.
 23713 | D:13     | 23713 ||| UPGRADING to ring "Noshappuata" {Fire rPois rN++
                  | Dex+4}.
 23715 | D:13     | 23715 ||| UPGRADING to ring of the Octopus King {Wiz HP+2
                  | AC+2 EV+2 SH+2}.
 23761 | D:14     | 23761 ||| INVOKING Berserk.
 23872 | D:14     | 23872 ||| INVOKING Berserk.
 24144 | D:14     | 24144 ||| INVOKING Berserk.
 24284 | D:14     | 24284 ||| Stepping ~*~*~tactically~*~*~ (hiding).
 24334 | D:14     | 24334 ||| READING scroll of acquirement.
 24334 | D:14     | 24334 ||| ACQUIRING +1 pair of boots of the Several
                  | Prophets {+Blink Str+2}
 24334 | D:14     | Acquired the +1 pair of boots of the Several Prophets
                  | {+Blink Str+2}
 24336 | D:14     | 24336 ||| UPGRADING to +0 pair of gloves.
 24341 | D:14     | 24341 ||| UPGRADING to +1 pair of boots of the Several
                  | Prophets {+Blink Str+2}.
 24351 | D:14     | 24351 ||| DROPPING +1 pair of boots.
 24369 | D:14     | 24369 ||| INVOKING Brothers in Arms.
 24370 | D:14     | 24370 ||| INVOKING Brothers in Arms.
 24372 | D:14     | 24372 ||| SWAPPING to +2 hand axe of flaming.
 24376 | D:14     | 24376 ||| SWAPPING to +2 broad axe of freezing.
 24728 | D:14     | 24728 ||| Stepping ~*~*~tactically~*~*~ (stealth).
 24730 | D:14     | 24730 ||| INVOKING Berserk.
 24871 | D:14     | 24871 ||| INVOKING Berserk.
 24983 | D:14     | Reached skill level 9 in Dodging
 25066 | D:14     | Found a gate to the Vaults.
 25072 | D:14     | Identified the +8 plate armour of the Lost Path {Regen+}
 25074 | D:14     | 25074 ||| UPGRADING to +8 plate armour of the Lost Path
                  | {Regen+}.
 25084 | D:14     | 25084 ||| DROPPING +0 plate armour.
 25168 | D:15     | Entered Level 15 of the Dungeon
 25298 | D:15     | 25298 ||| Stepping ~*~*~tactically~*~*~ (hiding).
 25305 | D:15     | 25305 ||| Stepping ~*~*~tactically~*~*~ (hiding).
 25349 | D:15     | Found Kynoz's Fire Supplies.
 25355 | D:15     | 25355 ||| BUYING ring of fire (500 gold).
 25355 | D:15     | Bought a ring of fire for 500 gold pieces
 25355 | D:15     | 25355 ||| SHOPLISTING ring of protection from fire (500
                  | gold, have 454).
 25381 | D:15     | Found a staircase to the Depths.
 25382 | D:15     | 25382 ||| INVOKING Berserk.
 25537 | D:15     | 25537 ||| INVOKING Berserk.
 25663 | D:15     | 25663 ||| Stepping ~*~*~tactically~*~*~ (stealth).
 25839 | D:15     | Found the +8 mithril axe "Arga" {speed, Will+}
 25848 | D:15     | 25848 ||| SWAPPING to +8 mithril axe "Arga" {speed, Will+}.
 25849 | D:15     | 25849 ||| DROPPING +2 broad axe of freezing.
 26004 | D:15     | 26004 ||| PLANNING ORC
 26142 | Orc:1    | Entered Level 1 of the Orcish Mines
 26158 | Orc:1    | 26158 ||| INVOKING Berserk.
 26182 | Orc:1    | 26182 ||| INVOKING Trog's Hand.
 26183 | Orc:1    | 26183 ||| Stepping ~*~*~tactically~*~*~ (hiding).
 26187 | Orc:1    | 26187 ||| INVOKING Brothers in Arms.
 26582 | Orc:1    | 26582 ||| READING 7 scrolls of teleportation.
 26591 | Orc:1    | 26591 ||| Stepping ~*~*~tactically~*~*~ (hiding).
 26611 | Orc:1    | 26611 ||| Stepping ~*~*~tactically~*~*~ (stealth).
 26627 | Orc:1    | 26627 ||| Stepping ~*~*~tactically~*~*~ (stealth).
 26747 | Orc:1    | 26747 ||| Stepping ~*~*~tactically~*~*~ (stealth).
 26749 | Orc:1    | 26749 ||| Stepping ~*~*~tactically~*~*~ (stealth).
 26751 | Orc:1    | 26751 ||| Stepping ~*~*~tactically~*~*~ (hiding).
 26752 | Orc:1    | 26752 ||| Stepping ~*~*~tactically~*~*~ (hiding).
 26924 | Orc:1    | 26924 ||| READING scroll labelled IFUWIGG WUTOXU.
 26943 | Orc:2    | Entered Level 2 of the Orcish Mines
 26943 | Orc:2    | Found a staircase to the Elven Halls.
 26944 | Orc:2    | 26944 ||| PLANNING GAUNTLET
 26944 | Orc:2    | 26944 ||| STAIRDANCE
 26949 | Orc:2    | 26949 ||| STAIRDANCE
 26963 | Orc:2    | Found a gate leading to a gauntlet.
 26966 | Orc:2    | 26966 ||| INVOKING Berserk.
 27083 | Gauntlet | Entered a Gauntlet
 27083 | Gauntlet | Found a transporter.
 27092 | Gauntlet | Found a transporter.
 27095 | Gauntlet | Found a transporter.
 27096 | Gauntlet | Found a transporter.
 27104 | Gauntlet | Found a transporter.
 27107 | Gauntlet | Found a transporter.
 27108 | Gauntlet | Found a transporter.
 27117 | Gauntlet | Found a transporter.
 27120 | Gauntlet | Found a transporter.
 27121 | Gauntlet | Found a transporter.
 27129 | Gauntlet | Found a transporter.
 27133 | Gauntlet | Found a transporter.
 27135 | Gauntlet | Found a transporter.
 27145 | Gauntlet | Found a transporter.
 27223 | Gauntlet | 27223 ||| INVOKING Berserk.
 27341 | Gauntlet | 27341 ||| INVOKING Trog's Hand.
 27344 | Gauntlet | Reached skill level 18 in Fighting
 27382 | Gauntlet | Identified the +1 cloak "Zogg" {Will- Int+6 Dex+3}
 27384 | Gauntlet | 27384 ||| UPGRADING to +1 cloak "Zogg" {Will- Int+6 Dex+3}.
 27394 | Gauntlet | 27394 ||| DROPPING +0 cloak.
 27413 | Gauntlet | Identified the amulet of Kikubaaqudgha's Grace {Faith
                  | Rampage rC+ Will+}
 27415 | Gauntlet | 27415 ||| UPGRADING to amulet of Kikubaaqudgha's Grace
                  | {Faith Rampage rC+ Will+}.
 27431 | Gauntlet | 27431 ||| Stepping randomly (stuck).
 27479 | Gauntlet | 27479 ||| INVOKING Berserk.
 27672 | Orc:2    | 27672 ||| PLANNING ORC
 27760 | Orc:2    | 27760 ||| INVOKING Berserk.
 27765 | Orc:2    | Found Vulasic's Antique Weapon Shoppe.
 27765 | Orc:2    | Found Xalil's Antique Armour Boutique.
 27786 | Orc:2    | Received a gift from Trog
 27790 | Orc:2    | 27790 ||| INVOKING Brothers in Arms.
 27930 | Orc:2    | 27930 ||| DROPPING +2 hand axe of flaming.
 28403 | Orc:2    | Found Esoiloe's Armour Shoppe.
 28436 | Orc:2    | Found Izyoche's Armour Boutique.
 28442 | Orc:2    | 28442 ||| INVOKING Berserk.
 28724 | Orc:2    | 28724 ||| PLANNING SWAMP:1-3
 28896 | Swamp:1  | Entered Level 1 of the Swamp
 28896 | Swamp:1  | Noticed Roxanne
 28897 | Swamp:1  | 28897 ||| INVOKING Brothers in Arms.
 28898 | Swamp:1  | 28898 ||| INVOKING Berserk.
 28900 | Swamp:1  | Reached skill level 6 in Throwing
 28900 | Swamp:1  | Reached XP level 17. HP: 163/163 MP: 16/16
 28910 | Swamp:1  | 28910 ||| INVOKING Brothers in Arms.
 28913 | Swamp:1  | Killed Roxanne
 28929 | Swamp:1  | 28929 ||| INVOKING Brothers in Arms.
 28930 | Swamp:1  | 28930 ||| SWAPPING to +5 broad axe of flaming.
 28933 | Swamp:1  | 28933 ||| SWAPPING to +8 mithril axe "Arga" {speed, Will+}.
 28976 | Swamp:1  | 28976 ||| Stepping ~*~*~tactically~*~*~ (stealth).
 28983 | Swamp:1  | 28983 ||| SWAPPING to +5 broad axe of flaming.
 28987 | Swamp:1  | 28987 ||| SWAPPING to +8 mithril axe "Arga" {speed, Will+}.
 29157 | Swamp:1  | 29157 ||| Stepping ~*~*~tactically~*~*~ (stealth).
 29158 | Swamp:1  | 29158 ||| Stepping ~*~*~tactically~*~*~ (stealth).
 29159 | Swamp:1  | 29159 ||| Stepping ~*~*~tactically~*~*~ (stealth).
 29162 | Swamp:1  | 29162 ||| SWAPPING to +5 broad axe of flaming.
 29167 | Swamp:1  | 29167 ||| SWAPPING to +8 mithril axe "Arga" {speed, Will+}.
 29292 | Swamp:1  | 29292 ||| Stepping ~*~*~tactically~*~*~ (hiding).
 29295 | Swamp:1  | 29295 ||| INVOKING Berserk.
 29438 | Swamp:1  | 29438 ||| SWAPPING to +5 broad axe of flaming.
 29445 | Swamp:1  | 29445 ||| SWAPPING to +8 mithril axe "Arga" {speed, Will+}.
 29540 | Swamp:1  | 29540 ||| Stepping ~*~*~tactically~*~*~ (water).
 29598 | Swamp:1  | 29598 ||| Stepping ~*~*~tactically~*~*~ (stealth).
 29613 | Swamp:1  | 29613 ||| Stepping ~*~*~tactically~*~*~ (water).
 29672 | Swamp:1  | HP: 41/165 [lightning spire/bolt of electricity (6)]
 29673 | Swamp:1  | 29673 ||| READING 7 scrolls of teleportation.
 29674 | Swamp:1  | 29674 ||| DRINKING 6 potions of heal wounds.
 30173 | Swamp:1  | HP: 38/165 [lightning spire/bolt of electricity (8)]
 30174 | Swamp:1  | 30174 ||| READING 6 scrolls of teleportation.
 30175 | Swamp:1  | 30175 ||| DRINKING 5 potions of heal wounds.
 30291 | Swamp:1  | 30291 ||| DRINKING 2 fizzy red potions.
 30314 | Swamp:1  | 30314 ||| DROPPING potion of lignification.
 30415 | Swamp:2  | 30415 ||| Stepping ~*~*~tactically~*~*~ (hiding).
 30421 | Swamp:2  | 30421 ||| Stepping ~*~*~tactically~*~*~ (hiding).
 30422 | Swamp:2  | 30422 ||| Stepping ~*~*~tactically~*~*~ (hiding).
 30423 | Swamp:2  | 30423 ||| Stepping ~*~*~tactically~*~*~ (hiding).
 30425 | Swamp:2  | 30425 ||| INVOKING Berserk.
 30553 | Swamp:2  | 30553 ||| Stepping ~*~*~tactically~*~*~ (water).
 30664 | Swamp:2  | 30664 ||| INVOKING Berserk.
 30853 | Swamp:2  | 30853 ||| Stepping ~*~*~tactically~*~*~ (hiding).
 30855 | Swamp:2  | 30855 ||| INVOKING Berserk.
 31023 | Swamp:2  | 31023 ||| SWAPPING to +5 broad axe of flaming.
 31031 | Swamp:2  | 31031 ||| SWAPPING to +8 mithril axe "Arga" {speed, Will+}.
 31072 | Swamp:2  | 31072 ||| FLEEEEING.
 31086 | Swamp:2  | 31086 ||| Stepping ~*~*~tactically~*~*~ (stealth).
 31391 | Swamp:2  | 31391 ||| DROPPING amulet of faith.
 31419 | Swamp:3  | 31419 ||| Stepping ~*~*~tactically~*~*~ (hiding).
 31432 | Swamp:3  | 31432 ||| SWAPPING to +5 broad axe of flaming.
 31437 | Swamp:3  | 31437 ||| SWAPPING to +8 mithril axe "Arga" {speed, Will+}.
 31442 | Swamp:3  | Identified the +11 battleaxe "Tiatir" {flame, rPois Dex+2}
                  | (Trog gifted it to you on level 3 of the Swamp)
 31442 | Swamp:3  | Received a gift from Trog
 31445 | Swamp:3  | 31445 ||| Stepping ~*~*~tactically~*~*~ (stealth).
 31446 | Swamp:3  | 31446 ||| Stepping ~*~*~tactically~*~*~ (stealth).
 31464 | Swamp:3  | 31464 ||| INVOKING Berserk.
 31482 | Swamp:3  | 31482 ||| INVOKING Brothers in Arms.
 31503 | Swamp:3  | 31503 ||| Stepping ~*~*~tactically~*~*~ (water).
 31725 | Swamp:3  | 31725 ||| Stepping ~*~*~tactically~*~*~ (cloud).
 31748 | Swamp:3  | Noticed Jorgrun
 31749 | Swamp:3  | Identified the +1 robe "Mobi" {Str+4}
 31767 | Swamp:3  | 31767 ||| FLEEEEING.
 31859 | Swamp:3  | Killed Jorgrun
 31931 | Swamp:3  | 31931 ||| Stepping ~*~*~tactically~*~*~ (hiding).
 32113 | Swamp:3  | 32113 ||| PLANNING SPIDER:1-3
 32283 | Spider:1 | Entered Level 1 of the Spider Nest
 32377 | Spider:1 | 32377 ||| INVOKING Brothers in Arms.
 32378 | Spider:1 | 32378 ||| INVOKING Brothers in Arms.
 32382 | Spider:1 | Reached skill level 19 in Fighting
 32539 | Spider:1 | 32539 ||| Stepping ~*~*~tactically~*~*~ (stealth).
 32541 | Spider:1 | 32541 ||| Stepping ~*~*~tactically~*~*~ (stealth).
 32566 | Spider:1 | 32566 ||| Stepping ~*~*~tactically~*~*~ (hiding).
 32643 | Spider:1 | Noticed Azrael
 32656 | Spider:1 | Killed Azrael
 32701 | Spider:1 | 32701 ||| INVOKING Brothers in Arms.
 32783 | Spider:1 | 32783 ||| INVOKING Brothers in Arms.
 32784 | Spider:1 | 32784 ||| INVOKING Brothers in Arms.
 32788 | Spider:1 | 32788 ||| INVOKING Brothers in Arms.
 33208 | Spider:2 | 33208 ||| STAIRDANCE
 33210 | Spider:1 | 33210 ||| INVOKING Brothers in Arms.
 33220 | Spider:2 | 33220 ||| STAIRDANCE
 33228 | Spider:2 | 33228 ||| STAIRDANCE
 33244 | Spider:2 | 33244 ||| STAIRDANCE
 33250 | Spider:2 | 33250 ||| STAIRDANCE
 33257 | Spider:2 | 33257 ||| STAIRDANCE
 33261 | Spider:2 | 33261 ||| STAIRDANCE
 33276 | Spider:2 | 33276 ||| STAIRDANCE
 33301 | Spider:2 | 33301 ||| STAIRDANCE
 33305 | Spider:1 | Reached skill level 18 in Armour
 33311 | Spider:2 | 33311 ||| STAIRDANCE
 33313 | Spider:1 | 33313 ||| INVOKING Brothers in Arms.
 33392 | Spider:2 | 33392 ||| STAIRDANCE
 33394 | Spider:1 | 33394 ||| INVOKING Brothers in Arms.
 33513 | Spider:2 | 33513 ||| STAIRDANCE
 33525 | Spider:2 | 33525 ||| STAIRDANCE
 33547 | Spider:2 | 33547 ||| STAIRDANCE
 33557 | Spider:2 | 33557 ||| STAIRDANCE
 33559 | Spider:1 | 33559 ||| DRINKING 2 potions of resistance.
 33567 | Spider:2 | 33567 ||| STAIRDANCE
 33603 | Spider:2 | 33603 ||| STAIRDANCE
 33610 | Spider:2 | 33610 ||| STAIRDANCE
 33631 | Spider:2 | 33631 ||| INVOKING Brothers in Arms.
 33643 | Spider:2 | 33643 ||| INVOKING Brothers in Arms.
 33644 | Spider:2 | 33644 ||| INVOKING Berserk.
 33647 | Spider:2 | Reached XP level 18. HP: 176/176 MP: 17/17
 33651 | Spider:2 | Reached skill level 12 in Dodging
 33659 | Spider:2 | 33659 ||| INVOKING Brothers in Arms.
 33675 | Spider:2 | 33675 ||| DRINKING potion of resistance.
 33680 | Spider:2 | Noticed Arachne
 33695 | Spider:2 | Killed Arachne
 33711 | Spider:2 | 33711 ||| INVOKING Berserk.
 33739 | Spider:2 | 33739 ||| FLEEEEING.
 33741 | Spider:2 | 33741 ||| STAIRDANCE
 33843 | Spider:1 | 33843 ||| DROPPING +5 broad axe of flaming.
 33851 | Spider:2 | 33851 ||| Stepping ~*~*~tactically~*~*~ (stealth).
 33854 | Spider:2 | 33854 ||| INVOKING Berserk.
 33961 | Spider:2 | 33961 ||| READING scroll of enchant armour.
 33961 | Spider:2 | 33961 ||| ENCHANTING +0 pair of gloves.
 34039 | Spider:2 | 34039 ||| Stepping ~*~*~tactically~*~*~ (hiding).
 34427 | Spider:3 | 34427 ||| STAIRDANCE
 34531 | Spider:3 | 34531 ||| STAIRDANCE
 34537 | Spider:3 | 34537 ||| STAIRDANCE
 34539 | Spider:2 | 34539 ||| INVOKING Berserk.
 34652 | Spider:3 | 34652 ||| STAIRDANCE
 34655 | Spider:2 | 34655 ||| DRINKING 16 potions of curing.
 34655 | Spider:2 | 34655 ||| (to cure confusion)
 34656 | Spider:2 | 34656 ||| DRINKING 15 potions of curing.
 34656 | Spider:2 | 34656 ||| (to cure confusion)
 34661 | Spider:3 | 34661 ||| STAIRDANCE
 34663 | Spider:2 | 34663 ||| INVOKING Berserk.
 34798 | Spider:3 | 34798 ||| STAIRDANCE
 34817 | Spider:3 | 34817 ||| STAIRDANCE
 34835 | Spider:3 | 34835 ||| STAIRDANCE
 34844 | Spider:3 | 34844 ||| STAIRDANCE
 34868 | Spider:3 | 34868 ||| INVOKING Brothers in Arms.
 34874 | Spider:3 | Reached skill level 20 in Fighting
 34893 | Spider:3 | 34893 ||| INVOKING Berserk.
 34922 | Spider:3 | 34922 ||| Stepping ~*~*~tactically~*~*~ (stealth).
 34923 | Spider:3 | 34923 ||| Stepping ~*~*~tactically~*~*~ (stealth).
 34942 | Spider:3 | 34942 ||| DRINKING 14 potions of curing.
 34942 | Spider:3 | 34942 ||| (to cure confusion)
 35010 | Spider:3 | 35010 ||| Stepping ~*~*~tactically~*~*~ (stealth).
 35011 | Spider:3 | 35011 ||| Stepping ~*~*~tactically~*~*~ (stealth).
 35013 | Spider:3 | 35013 ||| Stepping ~*~*~tactically~*~*~ (stealth).
 35024 | Spider:3 | 35024 ||| INVOKING Brothers in Arms.
 35025 | Spider:3 | 35025 ||| INVOKING Brothers in Arms.
 35026 | Spider:3 | 35026 ||| INVOKING Brothers in Arms.
 35651 | Spider:3 | 35651 ||| PLANNING SWAMP:4
 35852 | Swamp:4  | Entered Level 4 of the Swamp
 35861 | Swamp:4  | 35861 ||| STAIRDANCE
 35889 | Swamp:4  | 35889 ||| Stepping ~*~*~tactically~*~*~ (hiding).
 35890 | Swamp:4  | 35890 ||| Stepping ~*~*~tactically~*~*~ (hiding).
 35891 | Swamp:4  | 35891 ||| Stepping ~*~*~tactically~*~*~ (hiding).
 35903 | Swamp:4  | 35903 ||| Stepping ~*~*~tactically~*~*~ (water).
 35932 | Swamp:4  | 35932 ||| INVOKING Berserk.
 35949 | Swamp:4  | 35949 ||| INVOKING Brothers in Arms.
 35976 | Swamp:4  | 35976 ||| INVOKING Brothers in Arms.
 35985 | Swamp:4  | 35985 ||| Stepping ~*~*~tactically~*~*~ (water).
 35995 | Swamp:4  | 35995 ||| FLEEEEING.
 36010 | Swamp:4  | 36010 ||| FLEEEEING.
 36053 | Swamp:4  | Noticed the 27-headed Lernaean hydra
 36054 | Swamp:4  | 36054 ||| Stepping ~*~*~tactically~*~*~ (hiding).
 36055 | Swamp:4  | 36055 ||| Stepping ~*~*~tactically~*~*~ (hiding).
 36058 | Swamp:4  | 36058 ||| INVOKING Berserk.
 36073 | Swamp:4  | Killed the 27-headed Lernaean hydra
 36127 | Swamp:4  | Got a decaying rune of Zot
 36156 | Swamp:4  | 36156 ||| INVOKING Berserk.
 36412 | Swamp:4  | 36412 ||| INVOKING Berserk.
 36528 | Swamp:4  | 36528 ||| Stepping ~*~*~tactically~*~*~ (hiding).
 36529 | Swamp:4  | 36529 ||| Stepping ~*~*~tactically~*~*~ (hiding).
 36700 | Swamp:4  | 36700 ||| INVOKING Berserk.
 36735 | Swamp:4  | 36735 ||| FLEEEEING.
 36744 | Swamp:4  | 36744 ||| STAIRDANCE
 36855 | Swamp:4  | 36855 ||| Stepping ~*~*~tactically~*~*~ (stealth).
 36856 | Swamp:4  | 36856 ||| Stepping ~*~*~tactically~*~*~ (stealth).
 36873 | Swamp:4  | 36873 ||| Stepping ~*~*~tactically~*~*~ (stealth).
 37037 | Swamp:4  | 37037 ||| PLANNING VAULTS:1-4
 37341 | Vaults:1 | Entered Level 1 of the Vaults
 37365 | Vaults:1 | 37365 ||| Stepping ~*~*~tactically~*~*~ (hiding).
 37368 | Vaults:1 | 37368 ||| INVOKING Brothers in Arms.
 37369 | Vaults:1 | 37369 ||| INVOKING Brothers in Arms.
 37370 | Vaults:1 | 37370 ||| INVOKING Berserk.
 37512 | Vaults:1 | 37512 ||| INVOKING Berserk.
 37664 | Vaults:1 | Found Suphoklu's Weapon Shoppe.
 37721 | Vaults:1 | 37721 ||| Stepping ~*~*~tactically~*~*~ (hiding).
 37722 | Vaults:1 | 37722 ||| Stepping ~*~*~tactically~*~*~ (hiding).
 37723 | Vaults:1 | 37723 ||| Stepping ~*~*~tactically~*~*~ (hiding).
 37724 | Vaults:1 | 37724 ||| Stepping ~*~*~tactically~*~*~ (hiding).
 37725 | Vaults:1 | 37725 ||| Stepping ~*~*~tactically~*~*~ (hiding).
 37726 | Vaults:1 | 37726 ||| INVOKING Brothers in Arms.
 37733 | Vaults:1 | 37733 ||| INVOKING Berserk.
 37738 | Vaults:1 | Reached skill level 9 in Throwing
 38020 | Vaults:1 | 38020 ||| INVOKING Brothers in Arms.
 38023 | Vaults:1 | 38023 ||| INVOKING Berserk.
 38034 | Vaults:1 | Reached XP level 19. HP: 188/188 MP: 18/18
 38037 | Vaults:1 | Reached skill level 21 in Fighting
 38191 | Vaults:1 | Reached skill level 18 in Shields
 38422 | Vaults:1 | 38422 ||| Stepping ~*~*~tactically~*~*~ (hiding).
 38429 | Vaults:1 | 38429 ||| INVOKING Trog's Hand.
 38510 | Vaults:1 | 38510 ||| INVOKING Trog's Hand.
 38570 | Vaults:1 | 38570 ||| INVOKING Trog's Hand.
 38620 | Vaults:1 | Found a runed translucent gate.
 38682 | Vaults:1 | Found a runed translucent gate.
 38683 | Vaults:1 | Found a runed translucent gate.
 38683 | Vaults:1 | Identified the ring "Vumuir" {Int+6 SInv}
 38684 | Vaults:1 | Noticed qw's ghost (adept GrFi)
 38864 | Vaults:1 | Received a gift from Trog
 38890 | Vaults:1 | Found Vecvorowyd's Antique Weapon Shoppe.
 39064 | Vaults:1 | 39064 ||| Stepping ~*~*~tactically~*~*~ (stealth).
 39065 | Vaults:1 | 39065 ||| Stepping ~*~*~tactically~*~*~ (stealth).
 39066 | Vaults:1 | 39066 ||| Stepping ~*~*~tactically~*~*~ (stealth).
 39068 | Vaults:1 | 39068 ||| Stepping ~*~*~tactically~*~*~ (stealth).
 39069 | Vaults:1 | 39069 ||| Stepping ~*~*~tactically~*~*~ (stealth).
 39071 | Vaults:1 | 39071 ||| INVOKING Trog's Hand.
 39190 | Vaults:2 | 39190 ||| Stepping ~*~*~tactically~*~*~ (hiding).
 39192 | Vaults:2 | 39192 ||| Stepping ~*~*~tactically~*~*~ (hiding).
 39206 | Vaults:2 | 39206 ||| INVOKING Brothers in Arms.
 39207 | Vaults:2 | 39207 ||| INVOKING Berserk.
 39404 | Vaults:2 | 39404 ||| Stepping ~*~*~tactically~*~*~ (stealth).
 39424 | Vaults:2 | Noticed Aizul
 39425 | Vaults:2 | 39425 ||| Stepping ~*~*~tactically~*~*~ (hiding).
 39426 | Vaults:2 | 39426 ||| Stepping ~*~*~tactically~*~*~ (hiding).
 39428 | Vaults:2 | 39428 ||| Stepping ~*~*~tactically~*~*~ (hiding).
 39433 | Vaults:2 | 39433 ||| INVOKING Trog's Hand.
 39435 | Vaults:2 | 39435 ||| INVOKING Brothers in Arms.
 39437 | Vaults:2 | 39437 ||| INVOKING Berserk.
 39445 | Vaults:2 | Killed Aizul
 39564 | Vaults:2 | 39564 ||| Stepping ~*~*~tactically~*~*~ (stealth).
 39567 | Vaults:2 | 39567 ||| Stepping ~*~*~tactically~*~*~ (stealth).
 39570 | Vaults:2 | 39570 ||| Stepping ~*~*~tactically~*~*~ (stealth).
 39591 | Vaults:2 | 39591 ||| Stepping ~*~*~tactically~*~*~ (stealth).
 39596 | Vaults:2 | 39596 ||| Stepping ~*~*~tactically~*~*~ (stealth).
 39813 | Vaults:2 | Noticed Sojobo
 39814 | Vaults:2 | 39814 ||| Stepping ~*~*~tactically~*~*~ (hiding).
 39818 | Vaults:2 | 39818 ||| Stepping ~*~*~tactically~*~*~ (hiding).
 39819 | Vaults:2 | 39819 ||| INVOKING Brothers in Arms.
 39820 | Vaults:2 | 39820 ||| INVOKING Berserk.
 39831 | Vaults:2 | Killed Sojobo
 39854 | Vaults:2 | Reached skill level 22 in Fighting
 39991 | Vaults:2 | Found Duadah's Book Shop.
 40002 | Vaults:2 | Noticed Mennas
 40003 | Vaults:2 | 40003 ||| INVOKING Berserk.
 40010 | Vaults:2 | 40010 ||| DRINKING 13 potions of curing.
 40010 | Vaults:2 | 40010 ||| (to cure confusion)
 40038 | Vaults:2 | 40038 ||| DRINKING 12 potions of curing.
 40038 | Vaults:2 | 40038 ||| (to cure confusion)
 40044 | Vaults:2 | 40044 ||| DRINKING 11 potions of curing.
 40044 | Vaults:2 | 40044 ||| (to cure confusion)
 40095 | Vaults:2 | Killed Mennas
 40244 | Vaults:2 | 40244 ||| INVOKING Berserk.
 40259 | Vaults:2 | 40259 ||| Stepping ~*~*~tactically~*~*~ (hiding).
 40467 | Vaults:2 | 40467 ||| Stepping ~*~*~tactically~*~*~ (hiding).
 40469 | Vaults:2 | 40469 ||| Stepping ~*~*~tactically~*~*~ (hiding).
 40523 | Vaults:2 | 40523 ||| INVOKING Trog's Hand.
 40526 | Vaults:2 | 40526 ||| INVOKING Berserk.
 40706 | Vaults:2 | 40706 ||| INVOKING Brothers in Arms.
 40712 | Vaults:2 | 40712 ||| INVOKING Berserk.
 40861 | Vaults:2 | 40861 ||| Stepping ~*~*~tactically~*~*~ (stealth).
 40873 | Vaults:2 | 40873 ||| INVOKING Brothers in Arms.
 40874 | Vaults:2 | 40874 ||| INVOKING Berserk.
 40906 | Vaults:2 | 40906 ||| INVOKING Trog's Hand.
 40989 | Vaults:2 | 40989 ||| Stepping ~*~*~tactically~*~*~ (stealth).
 41007 | Vaults:2 | 41007 ||| INVOKING Trog's Hand.
 41013 | Vaults:2 | 41013 ||| INVOKING Berserk.
 41165 | Vaults:2 | 41165 ||| Stepping ~*~*~tactically~*~*~ (stealth).
 41166 | Vaults:2 | 41166 ||| Stepping ~*~*~tactically~*~*~ (stealth).
 41171 | Vaults:2 | 41171 ||| Stepping ~*~*~tactically~*~*~ (hiding).
 41174 | Vaults:2 | 41174 ||| INVOKING Brothers in Arms.
 41177 | Vaults:2 | 41177 ||| INVOKING Berserk.
 41345 | Vaults:2 | 41345 ||| Stepping ~*~*~tactically~*~*~ (hiding).
 41349 | Vaults:2 | 41349 ||| INVOKING Berserk.
 41352 | Vaults:2 | Reached skill level 21 in Armour
 41500 | Vaults:2 | Reached XP level 20. HP: 194/200 MP: 19/19
 41606 | Vaults:2 | 41606 ||| Stepping ~*~*~tactically~*~*~ (hiding).
 41615 | Vaults:2 | 41615 ||| Stepping ~*~*~tactically~*~*~ (stealth).
 41616 | Vaults:2 | 41616 ||| Stepping ~*~*~tactically~*~*~ (hiding).
 41662 | Vaults:2 | 41662 ||| Stepping ~*~*~tactically~*~*~ (stealth).
 41801 | Vaults:2 | 41801 ||| UPGRADING to +0 tower shield.
 41811 | Vaults:2 | 41811 ||| DROPPING +0 kite shield.
 41896 | Vaults:3 | Noticed Asterion
 41897 | Vaults:3 | 41897 ||| INVOKING Brothers in Arms.
 41898 | Vaults:3 | 41898 ||| INVOKING Berserk.
 41903 | Vaults:3 | Killed Asterion
 42086 | Vaults:3 | 42086 ||| INVOKING Trog's Hand.
 42107 | Vaults:3 | 42107 ||| FLEEEEING.
 42108 | Vaults:3 | 42108 ||| FLEEEEING.
 42109 | Vaults:3 | 42109 ||| FLEEEEING.
 42116 | Vaults:3 | 42116 ||| FLEEEEING.
 42129 | Vaults:3 | 42129 ||| INVOKING Trog's Hand.
 42135 | Vaults:3 | 42135 ||| FLEEEEING.
 42204 | Vaults:3 | 42204 ||| Stepping ~*~*~tactically~*~*~ (hiding).
 42415 | Vaults:3 | 42415 ||| INVOKING Trog's Hand.
 42436 | Vaults:3 | 42436 ||| Stepping ~*~*~tactically~*~*~ (hiding).
 42558 | Vaults:3 | Found Oppes's Magic Scroll Boutique.
 42560 | Vaults:3 | 42560 ||| INVOKING Trog's Hand.
 42570 | Vaults:3 | 42570 ||| BUYING scroll of enchant armour (157 gold).
 42570 | Vaults:3 | Bought a scroll of enchant armour for 157 gold pieces
 42570 | Vaults:3 | 42570 ||| BUYING scroll of enchant armour (157 gold).
 42570 | Vaults:3 | Bought a scroll of enchant armour for 157 gold pieces
 42570 | Vaults:3 | 42570 ||| BUYING scroll of enchant weapon (157 gold).
 42570 | Vaults:3 | Bought a scroll of enchant weapon for 157 gold pieces
 42570 | Vaults:3 | 42570 ||| BUYING scroll of teleportation (63 gold).
 42570 | Vaults:3 | Bought a scroll of teleportation for 63 gold pieces
 42570 | Vaults:3 | 42570 ||| READING 2 scrolls of enchant armour.
 42570 | Vaults:3 | 42570 ||| ENCHANTING +1 pair of gloves.
 42632 | Vaults:3 | 42632 ||| INVOKING Brothers in Arms.
 42635 | Vaults:3 | 42635 ||| INVOKING Berserk.
 42793 | Vaults:3 | 42793 ||| Stepping ~*~*~tactically~*~*~ (stealth).
 42887 | Vaults:3 | 42887 ||| INVOKING Trog's Hand.
 42900 | Vaults:3 | 42900 ||| Stepping ~*~*~tactically~*~*~ (stealth).
 42953 | Vaults:3 | 42953 ||| Stepping ~*~*~tactically~*~*~ (hiding).
 43067 | Vaults:3 | Found a staircase to the Crypt.
 43176 | Vaults:3 | 43176 ||| INVOKING Trog's Hand.
 43238 | Vaults:3 | 43238 ||| READING 10 scrolls of teleportation.
 43533 | Vaults:4 | 43533 ||| INVOKING Trog's Hand.
 43573 | Vaults:4 | 43573 ||| Stepping ~*~*~tactically~*~*~ (hiding).
 43576 | Vaults:4 | 43576 ||| Stepping ~*~*~tactically~*~*~ (hiding).
 43580 | Vaults:4 | 43580 ||| INVOKING Trog's Hand.
 43631 | Vaults:4 | 43631 ||| Stepping ~*~*~tactically~*~*~ (hiding).
 43637 | Vaults:4 | 43637 ||| INVOKING Brothers in Arms.
 43638 | Vaults:4 | 43638 ||| INVOKING Berserk.
 43784 | Vaults:4 | 43784 ||| Stepping ~*~*~tactically~*~*~ (hiding).
 43800 | Vaults:4 | 43800 ||| Stepping ~*~*~tactically~*~*~ (stealth).
 43904 | Vaults:4 | 43904 ||| INVOKING Brothers in Arms.
 43905 | Vaults:4 | 43905 ||| INVOKING Berserk.
 43907 | Vaults:4 | Reached skill level 21 in Shields
 44012 | Vaults:4 | 44012 ||| INVOKING Trog's Hand.
 44037 | Vaults:4 | 44037 ||| FLEEEEING.
 44044 | Vaults:4 | 44044 ||| FLEEEEING.
 44045 | Vaults:4 | 44045 ||| FLEEEEING.
 44046 | Vaults:4 | 44046 ||| FLEEEEING.
 44047 | Vaults:4 | 44047 ||| FLEEEEING.
 44051 | Vaults:4 | 44051 ||| FLEEEEING.
 44052 | Vaults:4 | 44052 ||| FLEEEEING.
 44053 | Vaults:4 | 44053 ||| FLEEEEING.
 44068 | Vaults:4 | 44068 ||| FLEEEEING.
 44069 | Vaults:4 | 44069 ||| FLEEEEING.
 44070 | Vaults:4 | 44070 ||| FLEEEEING.
 44071 | Vaults:4 | 44071 ||| FLEEEEING.
 44072 | Vaults:4 | 44072 ||| FLEEEEING.
 44073 | Vaults:4 | 44073 ||| FLEEEEING.
 44074 | Vaults:4 | 44074 ||| FLEEEEING.
 44075 | Vaults:4 | 44075 ||| FLEEEEING.
 44076 | Vaults:4 | 44076 ||| FLEEEEING.
 44077 | Vaults:4 | 44077 ||| FLEEEEING.
 44078 | Vaults:4 | 44078 ||| FLEEEEING.
 44079 | Vaults:4 | 44079 ||| FLEEEEING.
 44080 | Vaults:4 | 44080 ||| FLEEEEING.
 44081 | Vaults:4 | 44081 ||| FLEEEEING.
 44082 | Vaults:4 | 44082 ||| FLEEEEING.
 44083 | Vaults:4 | 44083 ||| FLEEEEING.
 44084 | Vaults:4 | 44084 ||| FLEEEEING.
 44085 | Vaults:4 | 44085 ||| FLEEEEING.
 44086 | Vaults:4 | 44086 ||| FLEEEEING.
 44087 | Vaults:4 | 44087 ||| FLEEEEING.
 44088 | Vaults:4 | 44088 ||| FLEEEEING.
 44093 | Vaults:4 | 44093 ||| FLEEEEING.
 44094 | Vaults:4 | 44094 ||| FLEEEEING.
 44095 | Vaults:4 | 44095 ||| STAIRDANCE
 44099 | Vaults:4 | 44099 ||| STAIRDANCE
 44109 | Vaults:4 | 44109 ||| INVOKING Trog's Hand.
 44178 | Vaults:4 | 44178 ||| Stepping ~*~*~tactically~*~*~ (stealth).
 44180 | Vaults:4 | 44180 ||| Stepping ~*~*~tactically~*~*~ (hiding).
 44184 | Vaults:4 | 44184 ||| INVOKING Trog's Hand.
 44201 | Vaults:4 | 44201 ||| Stepping ~*~*~tactically~*~*~ (stealth).
 44202 | Vaults:4 | 44202 ||| Stepping ~*~*~tactically~*~*~ (stealth).
 44203 | Vaults:4 | 44203 ||| Stepping ~*~*~tactically~*~*~ (stealth).
 44204 | Vaults:4 | 44204 ||| Stepping ~*~*~tactically~*~*~ (stealth).
 44212 | Vaults:4 | Received a gift from Trog
 44234 | Vaults:4 | 44234 ||| INVOKING Trog's Hand.
 44474 | Vaults:4 | 44474 ||| Stepping ~*~*~tactically~*~*~ (hiding).
 44479 | Vaults:4 | 44479 ||| INVOKING Trog's Hand.
 44549 | Vaults:4 | Found Soxteu's Book Emporium.
 44666 | Vaults:4 | 44666 ||| INVOKING Trog's Hand.
 44728 | Vaults:4 | 44728 ||| INVOKING Brothers in Arms.
 44732 | Vaults:4 | 44732 ||| INVOKING Berserk.
 44974 | Vaults:4 | 44974 ||| INVOKING Brothers in Arms.
 44975 | Vaults:4 | 44975 ||| INVOKING Brothers in Arms.
 44995 | Vaults:4 | 44995 ||| PLANNING SPIDER:4
 45392 | Spider:4 | Entered Level 4 of the Spider Nest
 45393 | Spider:4 | 45393 ||| STAIRDANCE
 45416 | Spider:3 | Gained mutation: You are dopey. (Int -2) [mutagenic glow]
 45472 | Spider:4 | 45472 ||| STAIRDANCE
 45595 | Spider:4 | 45595 ||| Stepping ~*~*~tactically~*~*~ (hiding).
 45675 | Spider:4 | 45675 ||| Stepping ~*~*~tactically~*~*~ (stealth).
 45686 | Spider:4 | 45686 ||| DRINKING 14 potions of curing.
 45686 | Spider:4 | 45686 ||| (to cure confusion)
 45703 | Spider:4 | Reached XP level 21. HP: 195/210 MP: 20/20
 45719 | Spider:4 | Reached skill level 23 in Fighting
 45741 | Spider:4 | 45741 ||| INVOKING Berserk.
 46070 | Spider:4 | Got a gossamer rune of Zot
 46104 | Spider:4 | 46104 ||| PLANNING DEPTHS
 46104 | Spider:4 | 46104 ||| DROPPING scarf of shadows.
 46105 | Spider:4 | 46105 ||| DROPPING scarf of invisibility.
 46106 | Spider:4 | 46106 ||| DROPPING ring of poison resistance.
 46438 | Depths:1 | Entered Level 1 of the Depths
 46454 | Depths:1 | 46454 ||| INVOKING Brothers in Arms.
 46461 | Depths:1 | 46461 ||| INVOKING Brothers in Arms.
 46462 | Depths:1 | 46462 ||| INVOKING Berserk.
 46476 | Depths:1 | 46476 ||| INVOKING Trog's Hand.
 46579 | Depths:1 | 46579 ||| Stepping ~*~*~tactically~*~*~ (stealth).
 46581 | Depths:1 | 46581 ||| INVOKING Brothers in Arms.
 46591 | Depths:1 | Reached skill level 15 in Dodging
 46593 | Depths:1 | 46593 ||| INVOKING Berserk.
 46721 | Depths:1 | 46721 ||| Stepping ~*~*~tactically~*~*~ (hiding).
 46810 | Depths:1 | Found a snail-covered altar of Cheibriados.
 46811 | Depths:1 | 46811 ||| INVOKING Brothers in Arms.
 46812 | Depths:1 | 46812 ||| INVOKING Brothers in Arms.
 46814 | Depths:1 | 46814 ||| INVOKING Berserk.
 46943 | Depths:1 | Found Lacvei's Book Emporium.
 46967 | Depths:1 | Found a gateway to Hell.
 47001 | Depths:1 | 47001 ||| Stepping ~*~*~tactically~*~*~ (stealth).
 47237 | Depths:1 | 47237 ||| Stepping ~*~*~tactically~*~*~ (stealth).
 47241 | Depths:1 | 47241 ||| INVOKING Brothers in Arms.
 47243 | Depths:1 | 47243 ||| INVOKING Berserk.
 47468 | Depths:1 | 47468 ||| Stepping ~*~*~tactically~*~*~ (hiding).
 47753 | Depths:2 | 47753 ||| INVOKING Berserk.
 47771 | Depths:2 | 47771 ||| STAIRDANCE
 48004 | Depths:2 | 48004 ||| Stepping ~*~*~tactically~*~*~ (hiding).
 48006 | Depths:2 | 48006 ||| Stepping ~*~*~tactically~*~*~ (stealth).
 48007 | Depths:2 | 48007 ||| Stepping ~*~*~tactically~*~*~ (hiding).
 48010 | Depths:2 | 48010 ||| INVOKING Trog's Hand.
 48040 | Depths:2 | 48040 ||| INVOKING Berserk.
 48103 | Depths:2 | 48103 ||| Stepping ~*~*~tactically~*~*~ (stealth).
 48105 | Depths:2 | 48105 ||| INVOKING Brothers in Arms.
 48106 | Depths:2 | 48106 ||| INVOKING Berserk.
 48225 | Depths:2 | 48225 ||| Stepping ~*~*~tactically~*~*~ (stealth).
 48228 | Depths:2 | 48228 ||| Stepping ~*~*~tactically~*~*~ (stealth).
 48229 | Depths:2 | 48229 ||| Stepping ~*~*~tactically~*~*~ (stealth).
 48236 | Depths:2 | 48236 ||| INVOKING Berserk.
 48405 | Depths:2 | 48405 ||| ZAPPING wand of digging (5).
 48477 | Depths:2 | Found a one-way gateway to a ziggurat.
 48565 | Depths:2 | 48565 ||| Stepping ~*~*~tactically~*~*~ (stealth).
 48568 | Depths:2 | 48568 ||| Stepping ~*~*~tactically~*~*~ (stealth).
 48570 | Depths:2 | 48570 ||| Stepping ~*~*~tactically~*~*~ (hiding).
 48576 | Depths:2 | 48576 ||| Stepping ~*~*~tactically~*~*~ (stealth).
 48584 | Depths:2 | 48584 ||| INVOKING Trog's Hand.
 48622 | Depths:2 | Found a one-way gate leading to the halls of Pandemonium.
 48637 | Depths:2 | 48637 ||| FLEEEEING.
 48638 | Depths:2 | 48638 ||| FLEEEEING.
 48639 | Depths:2 | 48639 ||| FLEEEEING.
 48640 | Depths:2 | 48640 ||| FLEEEEING.
 48664 | Depths:2 | Found a radiant altar of Vehumet.
 48665 | Depths:2 | 48665 ||| Stepping ~*~*~tactically~*~*~ (hiding).
 48668 | Depths:2 | 48668 ||| Stepping ~*~*~tactically~*~*~ (hiding).
 48669 | Depths:2 | 48669 ||| Stepping ~*~*~tactically~*~*~ (hiding).
 48670 | Depths:2 | 48670 ||| Stepping ~*~*~tactically~*~*~ (hiding).
 48887 | Depths:2 | Reached skill level 24 in Fighting
 48896 | Depths:2 | 48896 ||| FLEEEEING.
 48897 | Depths:2 | 48897 ||| FLEEEEING.
 48900 | Depths:2 | 48900 ||| FLEEEEING.
 48901 | Depths:2 | 48901 ||| FLEEEEING.
 48903 | Depths:2 | 48903 ||| FLEEEEING.
 48904 | Depths:2 | 48904 ||| FLEEEEING.
 48905 | Depths:2 | 48905 ||| FLEEEEING.
 48912 | Depths:2 | 48912 ||| FLEEEEING.
 49149 | Depths:2 | 49149 ||| Stepping ~*~*~tactically~*~*~ (stealth).
 49151 | Depths:2 | 49151 ||| Stepping ~*~*~tactically~*~*~ (stealth).
 49162 | Depths:2 | 49162 ||| Stepping ~*~*~tactically~*~*~ (hiding).
 49292 | Depths:2 | 49292 ||| DROPPING +6 ring of dexterity.
 49313 | Depths:3 | 49313 ||| INVOKING Brothers in Arms.
 49352 | Depths:3 | 49352 ||| DRINKING potion of resistance.
 49465 | Depths:3 | Found a one-way gate to the infinite horrors of the Abyss.
 49480 | Depths:3 | Found Curphiuta's Magic Scroll Emporium.
 49521 | Depths:3 | 49521 ||| Stepping ~*~*~tactically~*~*~ (hiding).
 49570 | Depths:3 | 49570 ||| INVOKING Brothers in Arms.
 49574 | Depths:3 | 49574 ||| INVOKING Berserk.
 49711 | Depths:3 | 49711 ||| INVOKING Brothers in Arms.
 49712 | Depths:3 | Noticed a golden dragon
 49713 | Depths:3 | 49713 ||| INVOKING Berserk.
 49728 | Depths:3 | Killed a golden dragon
 49729 | Depths:3 | Reached XP level 22. HP: 222/222 MP: 21/21
 49910 | Depths:3 | Reached skill level 12 in Throwing
 49936 | Depths:3 | 49936 ||| Stepping ~*~*~tactically~*~*~ (stealth).
 49945 | Depths:3 | 49945 ||| Stepping ~*~*~tactically~*~*~ (stealth).
 49997 | Depths:3 | 49997 ||| ZAPPING wand of digging (4).
 49999 | Depths:3 | 49999 ||| Stepping ~*~*~tactically~*~*~ (stealth).
 50000 | Depths:3 | 50000 ||| Stepping ~*~*~tactically~*~*~ (stealth).
 50001 | Depths:3 | 50001 ||| ZAPPING wand of digging (3).
 50002 | Depths:3 | 50002 ||| INVOKING Brothers in Arms.
 50027 | Depths:3 | 50027 ||| INVOKING Berserk.
 50056 | Depths:3 | Received a gift from Trog
 50180 | Depths:3 | Found a runed translucent door.
 50209 | Depths:3 | Identified the +5 halberd "Idet" {venom, Str+4}
 50247 | Depths:3 | Found a runed translucent door.
 50247 | Depths:3 | Noticed a dread lich
 50350 | Depths:3 | Found a hide-covered altar of Uskayaw.
 50353 | Depths:3 | 50353 ||| INVOKING Brothers in Arms.
 50355 | Depths:3 | 50355 ||| INVOKING Brothers in Arms.
 50356 | Depths:3 | 50356 ||| INVOKING Berserk.
 50500 | Depths:3 | 50500 ||| FLEEEEING.
 50501 | Depths:3 | 50501 ||| FLEEEEING.
 50625 | Depths:3 | Noticed a golden dragon
 50626 | Depths:3 | 50626 ||| INVOKING Brothers in Arms.
 50627 | Depths:3 | 50627 ||| INVOKING Brothers in Arms.
 50628 | Depths:3 | 50628 ||| INVOKING Berserk.
 50630 | Depths:3 | Killed a golden dragon
 50929 | Depths:3 | 50929 ||| INVOKING Berserk.
 51303 | Depths:4 | Entered Level 4 of the Depths
 51303 | Depths:4 | Noticed Janeylunn's ghost (veteran GnWn)
 51303 | Depths:4 | Found a runed translucent gate.
 51303 | Depths:4 | Found a runed translucent gate.
 51303 | Depths:4 | Found a runed translucent gate.
 51311 | Depths:4 | Found a stormy altar of Qazlal.
 51320 | Depths:4 | 51320 ||| DRINKING 2 potions of resistance.
 51337 | Depths:4 | 51337 ||| INVOKING Trog's Hand.
 51338 | Depths:4 | 51338 ||| INVOKING Berserk.
 51360 | Depths:4 | HP: 84/339 [salamander/+3 trident (4)]
 51374 | Depths:4 | 51374 ||| FLEEEEING.
 51376 | Depths:4 | 51376 ||| STAIRDANCE
 51644 | Depths:4 | 51644 ||| Stepping ~*~*~tactically~*~*~ (cloud).
 51663 | Depths:4 | 51663 ||| INVOKING Berserk.
 51671 | Depths:4 | Reached skill level 25 in Fighting
 51729 | Depths:4 | Noticed a golden dragon
 51731 | Depths:4 | 51731 ||| INVOKING Berserk.
 51737 | Depths:4 | Killed a golden dragon
 51871 | Depths:4 | Found a gate to the Realm of Zot.
 51973 | Depths:4 | 51973 ||| Stepping ~*~*~tactically~*~*~ (hiding).
 52077 | Depths:4 | 52077 ||| FLEEEEING.
 52080 | Depths:4 | 52080 ||| STAIRDANCE
 52282 | Depths:4 | Noticed a golden dragon
 52289 | Depths:4 | 52289 ||| INVOKING Brothers in Arms.
 52290 | Depths:4 | 52290 ||| INVOKING Brothers in Arms.
 52291 | Depths:4 | 52291 ||| INVOKING Brothers in Arms.
 52292 | Depths:4 | 52292 ||| INVOKING Berserk.
 52297 | Depths:4 | Killed a golden dragon
 52600 | Depths:4 | 52600 ||| PLANNING VAULTS:5
 52927 | Vaults:5 | Entered Level 5 of the Vaults
 52928 | Vaults:5 | Noticed Boris
 52929 | Vaults:5 | 52929 ||| STAIRDANCE
 52950 | Vaults:5 | 52950 ||| STAIRDANCE
 52995 | Vaults:5 | 52995 ||| STAIRDANCE
 53051 | Vaults:5 | 53051 ||| STAIRDANCE
 53145 | Vaults:5 | 53145 ||| STAIRDANCE
 53182 | Vaults:5 | 53182 ||| INVOKING Brothers in Arms.
 53187 | Vaults:5 | 53187 ||| INVOKING Brothers in Arms.
 53188 | Vaults:5 | 53188 ||| INVOKING Trog's Hand.
 53189 | Vaults:5 | 53189 ||| INVOKING Berserk.
 53202 | Vaults:5 | Killed Boris
 53211 | Vaults:5 | 53211 ||| STAIRDANCE
 53324 | Vaults:5 | 53324 ||| INVOKING Brothers in Arms.
 53325 | Vaults:5 | 53325 ||| INVOKING Berserk.
 53341 | Vaults:5 | 53341 ||| INVOKING Trog's Hand.
 53376 | Vaults:5 | 53376 ||| FLEEEEING.
 53378 | Vaults:5 | 53378 ||| STAIRDANCE
 53399 | Vaults:5 | 53399 ||| STAIRDANCE
 53408 | Vaults:5 | 53408 ||| Stepping ~*~*~tactically~*~*~ (hiding).
 53412 | Vaults:5 | Noticed a golden dragon
 53422 | Vaults:5 | 53422 ||| INVOKING Berserk.
 53426 | Vaults:5 | Reached skill level 26 in Fighting
 53431 | Vaults:5 | Killed a golden dragon
 53432 | Vaults:5 | Reached XP level 23. HP: 236/236 MP: 22/22
 53446 | Vaults:5 | 53446 ||| INVOKING Trog's Hand.
 53492 | Vaults:5 | 53492 ||| FLEEEEING.
 53493 | Vaults:5 | 53493 ||| FLEEEEING.
 53494 | Vaults:5 | 53494 ||| STAIRDANCE
 53598 | Vaults:5 | 53598 ||| STAIRDANCE
 53615 | Vaults:5 | 53615 ||| STAIRDANCE
 53625 | Vaults:5 | 53625 ||| STAIRDANCE
 53630 | Vaults:5 | 53630 ||| INVOKING Brothers in Arms.
 53632 | Vaults:5 | 53632 ||| INVOKING Berserk.
 53660 | Vaults:5 | 53660 ||| FLEEEEING.
 53662 | Vaults:5 | 53662 ||| STAIRDANCE
 53766 | Vaults:5 | 53766 ||| STAIRDANCE
 53774 | Vaults:5 | Identified the +2 leather armour of a Billion Nightingales
                  | {Rampage}
 53775 | Vaults:5 | 53775 ||| INVOKING Berserk.
 53792 | Vaults:5 | 53792 ||| Stepping ~*~*~tactically~*~*~ (stealth).
 53871 | Vaults:5 | 53871 ||| Stepping ~*~*~tactically~*~*~ (hiding).
 53897 | Vaults:5 | 53897 ||| INVOKING Trog's Hand.
 53908 | Vaults:5 | 53908 ||| INVOKING Berserk.
 53934 | Vaults:5 | 53934 ||| FLEEEEING.
 53935 | Vaults:5 | 53935 ||| FLEEEEING.
 53936 | Vaults:5 | 53936 ||| FLEEEEING.
 53937 | Vaults:5 | 53937 ||| STAIRDANCE
 54039 | Vaults:4 | 54039 ||| DROPPING ring of fire.
 54042 | Vaults:5 | 54042 ||| INVOKING Trog's Hand.
 54049 | Vaults:5 | 54049 ||| Stepping ~*~*~tactically~*~*~ (hiding).
 54050 | Vaults:5 | 54050 ||| INVOKING Brothers in Arms.
 54052 | Vaults:5 | 54052 ||| INVOKING Berserk.
 54177 | Vaults:5 | Identified the +6 falchion of Ziexakis {spect, rPois rN+
                  | Int+4}
 54178 | Vaults:5 | 54178 ||| Stepping ~*~*~tactically~*~*~ (stealth).
 54191 | Vaults:5 | 54191 ||| Stepping ~*~*~tactically~*~*~ (stealth).
 54193 | Vaults:5 | 54193 ||| Stepping ~*~*~tactically~*~*~ (hiding).
 54194 | Vaults:5 | 54194 ||| INVOKING Trog's Hand.
 54378 | Vaults:5 | Identified the +1 chain mail of the Jackalope {Regen+
                  | Str+3}
 54425 | Vaults:5 | 54425 ||| Stepping ~*~*~tactically~*~*~ (stealth).
 54426 | Vaults:5 | 54426 ||| INVOKING Trog's Hand.
 54452 | Vaults:5 | 54452 ||| DRINKING 15 potions of curing.
 54452 | Vaults:5 | 54452 ||| (to cure confusion)
 54455 | Vaults:5 | 54455 ||| INVOKING Trog's Hand.
 54462 | Vaults:5 | 54462 ||| Stepping ~*~*~tactically~*~*~ (hiding).
 54465 | Vaults:5 | 54465 ||| INVOKING Berserk.
 54481 | Vaults:5 | 54481 ||| INVOKING Brothers in Arms.
 54482 | Vaults:5 | 54482 ||| INVOKING Brothers in Arms.
 54546 | Vaults:5 | Got a silver rune of Zot
 54553 | Vaults:5 | Identified the +0 scale mail "Hiur" {rC+++ Will+++}
 54636 | Vaults:5 | 54636 ||| Stepping ~*~*~tactically~*~*~ (hiding).
 54642 | Vaults:5 | 54642 ||| INVOKING Berserk.
 54771 | Vaults:5 | 54771 ||| INVOKING Berserk.
 54894 | Vaults:5 | 54894 ||| Stepping ~*~*~tactically~*~*~ (hiding).
 54895 | Vaults:5 | 54895 ||| Stepping ~*~*~tactically~*~*~ (hiding).
 54913 | Vaults:5 | 54913 ||| FLEEEEING.
 54914 | Vaults:5 | 54914 ||| INVOKING Berserk.
 55062 | Vaults:5 | Gained mutation: You expend magic power (3 MP) to
                  | strengthen your wands. [a shining eye]
 55064 | Vaults:5 | 55064 ||| Stepping ~*~*~tactically~*~*~ (hiding).
 55068 | Vaults:5 | 55068 ||| Stepping ~*~*~tactically~*~*~ (hiding).
 55141 | Vaults:5 | 55141 ||| Stepping ~*~*~tactically~*~*~ (hiding).
 55145 | Vaults:5 | 55145 ||| INVOKING Trog's Hand.
 55157 | Vaults:5 | 55157 ||| INVOKING Berserk.
 55162 | Vaults:5 | Reached skill level 24 in Armour
 55195 | Vaults:5 | 55195 ||| Stepping ~*~*~tactically~*~*~ (hiding).
 55199 | Vaults:5 | 55199 ||| INVOKING Berserk.
 55587 | Vaults:5 | 55587 ||| Stepping ~*~*~tactically~*~*~ (hiding).
 55591 | Vaults:5 | 55591 ||| Stepping ~*~*~tactically~*~*~ (hiding).
 55736 | Vaults:5 | Found Mueghola's Antique Armour Shoppe.
 55744 | Vaults:5 | 55744 ||| BUYING pair of glowing boots (262 gold).
 55744 | Vaults:5 | Bought a pair of glowing boots for 262 gold pieces
 55878 | Vaults:5 | 55878 ||| PLANNING SHOPPING SPREE
 55878 | Vaults:5 | 55878 ||| DROPPING +2 pair of boots.
 55879 | Vaults:5 | 55879 ||| DROPPING +1 pair of boots of stealth.
 56276 | D:4      | 56276 ||| BUYING pair of embroidered gloves (210 gold).
 56276 | D:4      | Bought a pair of embroidered gloves for 210 gold pieces
 56276 | D:4      | 56276 ||| BUYING runed scarf (224 gold).
 56276 | D:4      | Bought a runed scarf for 224 gold pieces
 56276 | D:4      | 56276 ||| DROPPING +2 pair of gloves of infusion.
 56528 | D:15     | 56528 ||| BUYING ring of protection from fire (500 gold).
 56528 | D:15     | Bought a ring of protection from fire for 500 gold pieces
 56528 | D:15     | 56528 ||| PLANNING ZOT:1-4
 56707 | Zot:1    | Entered Level 1 of the Realm of Zot
 56731 | Zot:1    | 56731 ||| INVOKING Berserk.
 56842 | Zot:1    | 56842 ||| Stepping ~*~*~tactically~*~*~ (stealth).
 56843 | Zot:1    | 56843 ||| Stepping ~*~*~tactically~*~*~ (stealth).
 56844 | Zot:1    | 56844 ||| Stepping ~*~*~tactically~*~*~ (stealth).
 56845 | Zot:1    | 56845 ||| Stepping ~*~*~tactically~*~*~ (stealth).
 56851 | Zot:1    | 56851 ||| INVOKING Berserk.
 57177 | Zot:1    | 57177 ||| Stepping ~*~*~tactically~*~*~ (hiding).
 57180 | Zot:1    | 57180 ||| Stepping ~*~*~tactically~*~*~ (hiding).
 57183 | Zot:1    | 57183 ||| INVOKING Brothers in Arms.
 57189 | Zot:1    | 57189 ||| INVOKING Berserk.
 57211 | Zot:1    | 57211 ||| Stepping ~*~*~tactically~*~*~ (stealth).
 57348 | Zot:1    | 57348 ||| Stepping ~*~*~tactically~*~*~ (water).
 57349 | Zot:1    | 57349 ||| INVOKING Berserk.
 57414 | Zot:1    | 57414 ||| Stepping ~*~*~tactically~*~*~ (stealth).
 57416 | Zot:1    | 57416 ||| Stepping ~*~*~tactically~*~*~ (hiding).
 57461 | Zot:1    | 57461 ||| READING scroll of acquirement.
 57461 | Zot:1    | 57461 ||| ACQUIRING ring "Sunly" {rN+ EV+4}
 57461 | Zot:1    | Acquired the ring "Sunly" {rN+ EV+4}
 57463 | Zot:1    | 57463 ||| DROPPING +4 ring of slaying {mikee}.
 57480 | Zot:1    | 57480 ||| INVOKING Berserk.
 57884 | Zot:1    | 57884 ||| DROPPING +1 cloak.
 57885 | Zot:1    | 57885 ||| DROPPING scarf of repulsion.
 57900 | Zot:2    | 57900 ||| INVOKING Berserk.
 57931 | Zot:2    | HP: 56/238 [white draconian stormcaller/divine providence[a
                  | yellow draconian annihilator] (9)]
 57932 | Zot:2    | 57932 ||| READING 12 scrolls of teleportation.
 57932 | Zot:2    | HP: 16/238 [white draconian stormcaller/divine providence[a
                  | yellow draconian annihilator] (14)]
 57933 | Zot:2    | 57933 ||| DRINKING 11 potions of heal wounds.
 57934 | Zot:2    | 57934 ||| DRINKING 10 potions of heal wounds.
 57935 | Zot:2    | 57935 ||| DRINKING 9 potions of heal wounds.
 57936 | Zot:2    | 57936 ||| DRINKING 8 potions of heal wounds.
 57943 | Zot:2    | 57943 ||| INVOKING Brothers in Arms.
 58096 | Zot:2    | 58096 ||| Stepping ~*~*~tactically~*~*~ (hiding).
 58097 | Zot:2    | 58097 ||| INVOKING Brothers in Arms.
 58100 | Zot:2    | 58100 ||| INVOKING Berserk.
 58246 | Zot:2    | 58246 ||| INVOKING Berserk.
 58392 | Zot:2    | You fall into a shaft and drop 2 floors!
 58440 | Zot:3    | 58440 ||| Stepping ~*~*~tactically~*~*~ (hiding).
 58444 | Zot:3    | 58444 ||| INVOKING Berserk.
 58589 | Zot:3    | 58589 ||| READING 11 scrolls of teleportation.
 58640 | Zot:2    | Found a transporter.
 58648 | Zot:2    | Found a transporter.
 58678 | Zot:2    | 58678 ||| DRINKING potion of resistance.
 58818 | Zot:2    | Found a transporter.
 58819 | Zot:2    | 58819 ||| Stepping ~*~*~tactically~*~*~ (stealth).
 58851 | Zot:2    | Found a transporter.
 58853 | Zot:2    | 58853 ||| Stepping ~*~*~tactically~*~*~ (hiding).
 58853 | Zot:2    | Found a transporter.
 58859 | Zot:2    | 58859 ||| INVOKING Berserk.
 58875 | Zot:2    | Reached XP level 24. HP: 247/247 MP: 22/22
 58972 | Zot:2    | 58972 ||| Stepping ~*~*~tactically~*~*~ (stealth).
 58974 | Zot:2    | 58974 ||| Stepping ~*~*~tactically~*~*~ (hiding).
 58975 | Zot:2    | 58975 ||| Stepping ~*~*~tactically~*~*~ (hiding).
 58976 | Zot:2    | 58976 ||| Stepping ~*~*~tactically~*~*~ (hiding).
 58977 | Zot:2    | 58977 ||| Stepping ~*~*~tactically~*~*~ (hiding).
 59152 | Zot:2    | 59152 ||| Stepping ~*~*~tactically~*~*~ (stealth).
 59379 | Zot:2    | Found a transporter.
 59738 | Zot:2    | 59738 ||| Stepping ~*~*~tactically~*~*~ (hiding).
 59739 | Zot:2    | 59739 ||| Stepping ~*~*~tactically~*~*~ (hiding).
 59953 | Zot:3    | 59953 ||| Stepping ~*~*~tactically~*~*~ (stealth).
 60009 | Zot:3    | 60009 ||| INVOKING Berserk.
 60189 | Zot:3    | Found a transporter.
 60190 | Zot:3    | Found a transporter.
 60191 | Zot:3    | Identified the +1 cloak of Valiance {Will+++ MP-9 Dex+7}
 60193 | Zot:3    | Noticed Ybbavoiff's ghost (veteran MiBe)
 60205 | Zot:3    | Found a bloodstained altar of Trog.
 60213 | Zot:3    | Identified the +4 cloak of the Eternal Fruit {Harm rCorr
                  | Slay+2}
 60349 | Zot:3    | 60349 ||| INVOKING Berserk.
 60357 | Zot:3    | HP: 93/373 [??? (60)]
 60359 | Zot:3    | Reached skill level 18 in Dodging
 60588 | Zot:3    | 60588 ||| INVOKING Berserk.
 60593 | Zot:3    | Reached skill level 1 in Evocations
 60749 | Zot:3    | 60749 ||| INVOKING Berserk.
 60767 | Zot:3    | Received a gift from Trog
 60768 | Zot:3    | Reached skill level 3 in Evocations
 60793 | Zot:3    | 60793 ||| Stepping ~*~*~tactically~*~*~ (hiding).
 60796 | Zot:3    | 60796 ||| INVOKING Brothers in Arms.
 60854 | Zot:3    | 60854 ||| INVOKING Berserk.
 61274 | Zot:4    | Noticed an orb of fire
 61275 | Zot:4    | 61275 ||| DRINKING 2 potions of resistance.
 61276 | Zot:4    | 61276 ||| INVOKING Berserk.
 61277 | Zot:4    | Gained mutation: You occasionally lose the ability to read
                  | scrolls when taking damage. [an orb of fire]
 61290 | Zot:4    | Killed an orb of fire
 61291 | Zot:4    | Reached skill level 27 in Fighting
 61416 | Zot:4    | 61416 ||| DRINKING 6 potions of mutation.
 61416 | Zot:4    | Lost mutation: You are dopey. (Int -2) [potion of mutation]
 61416 | Zot:4    | Lost mutation: You occasionally lose the ability to read
                  | scrolls when taking damage. [potion of mutation]
 61416 | Zot:4    | Gained mutation: You passively map the area around you.
                  | [potion of mutation]
 61416 | Zot:4    | Gained mutation: Your mind is acute. (Int +4, Str/Dex -1)
                  | [potion of mutation]
 61416 | Zot:4    | Gained mutation: Your flesh is heat resistant. (rF+)
                  | [potion of mutation]
 61416 | Zot:4    | Gained mutation: Your mind is very acute. (Int +8, Str/Dex
                  | -2) [potion of mutation]
 61588 | Zot:4    | 61588 ||| INVOKING Berserk.
 61625 | Zot:4    | 61625 ||| INVOKING Brothers in Arms.
 61626 | Zot:4    | 61626 ||| INVOKING Brothers in Arms.
 61628 | Zot:4    | HP: 59/251 [something (8)]
 61628 | Zot:4    | HP: 18/251 [something/shard of ice[a yellow draconian
                  | annihilator] (32)]
 61628 | Zot:4    | HP: 6/251 [white draconian/blast of cold[a yellow draconian
                  | annihilator] (12)]
 61629 | Zot:4    | 61629 ||| READING 11 scrolls of teleportation.
 61630 | Zot:4    | 61630 ||| DRINKING 8 potions of heal wounds.
 61631 | Zot:4    | 61631 ||| DRINKING 7 potions of heal wounds.
 61632 | Zot:4    | 61632 ||| DRINKING 6 potions of heal wounds.
 61633 | Zot:4    | 61633 ||| DRINKING 5 potions of heal wounds.
 61633 | Zot:4    | HP: 39/251 [something (8)]
 61634 | Zot:4    | 61634 ||| DRINKING 4 potions of heal wounds.
 61635 | Zot:4    | 61635 ||| READING 10 scrolls of teleportation.
 61636 | Zot:4    | 61636 ||| DRINKING 3 potions of heal wounds.
 61636 | Zot:4    | HP: 17/251 [purple draconian shifter/bolt of dispelling
                  | energy[a yellow draconian annihilator] (12)]
 61637 | Zot:4    | 61637 ||| READING 9 scrolls of teleportation.
 61638 | Zot:4    | 61638 ||| DRINKING 2 potions of heal wounds.
 61639 | Zot:4    | 61639 ||| DRINKING potion of heal wounds.
 61639 | Zot:4    | Killed from afar by a white draconian

Levels and vault maps discovered:
D:1:      dpeg_arrival_tiny_c, layout_basic
D:2:      layout_basic, uniq_jessica
D:3:      layout_loops_corners, minmay_unequal, uniq_crazy_yiuf_cottage
D:4:      cheibrodos_old_hovel, layout_basic,
          nicolae_dithmenos_through_a_glass_darkly,
          minmay_temple_entry_statues_fountains, serial_shops,
          nicolae_diamond_shop, minmay_hedge_maze, uniq_menkaure
D:5:      layout_loops_corners, minitemple
D:6:      nicolae_cairo_tiling, layout_loops_ring, uniq_maggie
D:7:      layout_cave_pools, nzn_wu_jian_contemplation,
          ebering_ghost_disaster_area, serial_gnoll_camp, gnoll_camp_mini_house,
          gnoll_camp_mini_shop, gnoll_camp_mini_hut, gnoll_camp_mini_doghouse
D:8:      layout_cave_pools, lair_entry_dummy, serial_rivers,
          chequers_serial_rivers_small_3, chequers_serial_rivers_micro_e,
          chequers_serial_rivers_micro_e, chequers_serial_rivers_micro_c,
          nrook_uturn, uniq_pikel, uniq_joseph
D:9:      hangedman_screamer, layout_loops_ring, fedhas_altar_3
D:10:     layout_basic, minmay_fractal_squares_gapless_5
D:11:     layout_long_grid, trove_entry_hex_spiral, serial_shops,
          nicolae_shop_crystal, portal_ice_cave_demonic_guard,
          minmay_fountain_box
D:12:     layout_basic, zombieorc2_lemuel, uniq_snorg
D:13:     layout_rooms, minmay_checkered_concentric_circles
D:14:     layout_basic, ximxim_vaults_locker_room, grunt_decor_arrowhead
D:15:     grunt_enter_depths_snipers, layout_long_grid, nicolae_lava_and_water,
          dreamdust_wishing_well, nicolae_shop_fire_sale
          [nicolae_sub_dead_trees]
Lair:1:   layout_chaotic_city, serial_bayou_crossing, grunt_megastairs_4,
          lemuel_fruit_tree, serial_bayou_shore_a, lemuel_fruit_fields,
          serial_bayou_shore_b
Lair:2:   layout_cave_pods, nicolae_swamp_entry_splash_gauntlet,
          nicolae_spider_entry_orb_guardian
Lair:3:   layout_roguey [special_room_mythical_zoo], disabler_island
Lair:4:   layout_layer_cave, infiniplex_staircase_pool_2, lemuel_fruit_fields,
          uniq_kirke
Lair:5:   evilmike_catoblepas_cave, layout_gridlike,
          minmay_slime_entry_oklob_enclosed, minmay_lindwurm_lava
Swamp:1:  layout_falls_marsh, evilmike_swamp_ruin_house_4, swamp_pool1,
          hangedman_swamp_phenomena, uniq_roxanne
Swamp:2:  layout_basic_swamp, hangedman_swamp_ruin_wall, swamp_pool4,
          nzn_swamp_blast_mining
Swamp:3:  layout_basic_swamp, nicolae_swamp_tree_designs, swamp_pool4,
          infiniplex_staircase_pool, uniq_jorgrun
Swamp:4:  grunt_swamp_rune_castle, layout_basic_swamp,
          nicolae_swamp_necromancy_gone_wrong
Spider:1: layout_cave_pods, uniq_azrael
Spider:2: layout_spider_delve, nicolae_orb_stairs, uniq_arachne
Spider:3: layout_spider_delve
Spider:4: grunt_spider_rune_circles
Orc:1:    layout_diamond_mine, guppyfry_library_mini
Orc:2:    st_orc_town, layout_caves, basic_altar, gauntlet_entry_generic,
          nicolae_orc_lava_tube, nicolae_orc_crystal_geode
Vaults:1: gammafunk_ghost_split, v_misc_26, v_misc_32,
          hangedman_vaults_corner_blocks, grunt_vaults_twisty, v_pattern_1,
          nicolae_vaults_holding_cells, grunt_vaults_hallway_long,
          vaults_room_ringed_pool, layout_vaults_omnigrid, serial_shops,
          nicolae_shop_bloodbath_and_beyond, shop_fountains
Vaults:2: st_cross, v_rooms_5, nicolae_vaults_arrows, nicolae_vaults_triangles,
          v_alt_pattern_2, v_alt_pattern_1, dpeg_vaults_monster_box, v_rooms_2,
          layout_vaults_big_cross, serial_shops, nicolae_square_shop,
          uniq_mennas, uniq_sojobo, uniq_aizul
Vaults:3: minmay_crypt_entry_simple_walls, ontoclasm_vaults_claustrophobia,
          vaults_dpeg_diagonal, hangedman_vaults_nodes,
          nicolae_vaults_network_quinsquares
          [nicolae_vaults_network_quincunx_subvault,
          nicolae_vaults_network_quincunx_subvault,
          nicolae_vaults_network_quincunx_subvault,
          nicolae_vaults_network_quincunx_subvault], nicolae_vaults_alarming,
          ontoclasm_vaults_twist, v_misc_11, nicolae_vaults_little_squares_2,
          vaults_mumra_chevron, nicolae_vaults_asterisk, grunt_vaults_focal,
          vaults_room_hallway, layout_vaults_ring, serial_shops, shop_scrolls,
          uniq_asterion
Vaults:4: hangedman_vaults_variations, nicolae_vaults_network_periphery,
          v_misc_29, v_alt_pattern_6, v_misc_26, v_misc_22,
          hangedman_vaults_cutoff, nicolae_vaults_statue_guard,
          vaults_mumra_chevron_long, vaults_dpeg_cross, vaults_room_pools,
          vaults_room_door_ring, vaults_room_grid, vaults_room_pools,
          vaults_room_pools, ontoclasm_vaults_gateway, layout_vaults_omnibox,
          serial_shops, nicolae_square_shop
Vaults:5: uniq_margery, uniq_boris
Depths:1: layout_honeycomb, serial_shops, shop_coins,
          nicolae_concentric_dashed_squares_mild, hell_entry,
          grunt_decor_mini_mirrors, grunt_ministairs_14,
          nicolae_kite_square_tiling_tiny, slow_altar_2
Depths:2: nicolae_BIG_FREAKIN_CUBE, layout_twisted_cross, enter_ziggurat_d,
          hell_entry, vehumet_crystals, pan_entry, nicolae_fountain_basement,
          minmay_staircase_windowed_small
Depths:3: cheibrodos_witchhunters_guild, layout_basic, serial_shops,
          nicolae_stop_n_shop_1, nicolae_uskayaw_murder_on_the_dancefloor,
          abyss_entry, hell_entry, serial_bayou_shore_b
Depths:4: evilmike_zot_entry_gauntlet, layout_cave_pools,
          biasface_ghost_demon_polymorph, hell_entry,
          nicolae_qazlal_scattered_showers
Zot:1:    minmay_elemental_castle, layout_basic
Zot:2:    layout_cathedral_of_symmetry, serial_nicolae_subway,
          nicolae_sub_station_stone, nicolae_sub_station_crystal,
          nicolae_sub_station_metal
Zot:3:    layout_gridlike, gammafunk_ghost_wrathful_warriors
Zot:4:    layout_gridlike, drop_trap, grunt_megastairs_3, uniq_josephina

Skill      XL: |  1  2  3  4  5  6  7  8  9 10 11 12 13 14 15 16 17 18 19 20 21 22 23 24 |
---------------+-------------------------------------------------------------------------+-----
Axes           | 4 5 7 9 10 14 16 17 18 19 20 | 20.6
Throwing       | 2 3 6 7 10 11 12 | 12.0
Fighting       | 4 14 16 17 18 19 20 22 24 26 27 | 27.0
Armour         | 3 4 6 7 9 12 14 16 18 19 21 22 23 25 | 25.0
Dodging        | 3 5 6 9 11 12 13 14 16 17 18 | 18.0
Shields        | 6 11 13 15 16 17 18 21 22 23 | 23.0
Evocations     | 4 |  4.7

Action                   |  1- 3 |  4- 6 |  7- 9 | 10-12 | 13-15 | 16-18 | 19-21 | 22-24 || total
-------------------------+-------+-------+-------+-------+-------+-------+-------+-------++-------
Melee: Hand axe          |    52 |    63 |       |       |    15 |     3 |       |       ||   133
       Headbutt          |     5 |     9 |     8 |    62 |   104 |   323 |   456 |   436 ||  1403
       Punch             |       |     1 |       |       |       |       |       |       ||     1
       War axe           |       |       |    33 |       |       |       |       |       ||    33
       Broad axe         |       |       |    19 |   333 |   503 |  1291 |  1482 |  1322 ||  4950
       Bite              |       |       |       |    23 |    70 |   204 |   264 |   219 ||   780
       Unarmed           |       |       |       |       |     3 |       |       |       ||     3
Throw: Javelin           |    39 |    11 |       |       |       |    30 |    65 |    19 ||   164
       Boomerang         |     1 |    40 |    14 |    86 |   130 |   151 |    90 |    83 ||   595
Invok: Berserk           |     1 |     5 |     2 |    19 |    20 |    38 |    27 |    38 ||   150
       Brothers in Arms  |       |       |       |     4 |     6 |    28 |    21 |    16 ||    75
       Trog's Hand       |       |       |       |       |       |     2 |    25 |    10 ||    37
Evoke: Wand              |       |       |       |       |       |       |     1 |     2 ||     3
  Use: Scroll            |     3 |     4 |     4 |    10 |     3 |     7 |     2 |     6 ||    39
       Potion            |     1 |     4 |     3 |     6 |     2 |     8 |     5 |    17 ||    46
 Stab: Distracted        |       |       |       |       |     1 |     1 |     2 |     2 ||     6
       Petrified         |       |       |       |       |     1 |       |       |       ||     1
       Confused          |       |       |       |       |       |       |       |     1 ||     1
Armor: Animal skin       |     5 |       |       |       |       |       |       |       ||     5
       Scale mail        |     3 |    16 |       |       |       |       |       |       ||    19
       Chain mail        |       |       |    10 |    83 |       |       |       |       ||    93
       Plate armour      |       |       |       |    20 |   134 |   550 |   428 |   421 ||  1553
Dodge: Dodged            |    26 |    18 |    13 |    92 |    88 |   522 |   437 |   458 ||  1654
Block: Other             |       |     3 |    13 |    28 |       |       |       |       ||    44
       Reflection        |       |     1 |     2 |     6 |     9 |    40 |       |       ||    58
       Kite shield       |       |       |       |    88 |   298 |   895 |   243 |       ||  1524
       Tower shield      |       |       |       |       |       |       |   788 |  1045 ||  1833

Table legend:
 A = Non-vault XP
 B = Vault XP
 C = Vault XP percentage of total XP
 D = Non-vault monster count
 E = Vault monster count
 F = Vault count percentage of total count
                 A         B        C        D         E       F
            +---------+---------+-------+---------+---------+-------
      Total |  647695 |  372292 |  36.5 |    1287 |     654 |  33.7
            +---------+---------+-------+---------+---------+-------
        D:1 |      42 |       0 |   0.0 |      24 |       0 |   0.0
        D:2 |      24 |      37 |  60.7 |      12 |       1 |   7.7
        D:3 |      60 |      18 |  23.1 |      19 |       6 |  24.0
        D:4 |     325 |     185 |  36.3 |      27 |       2 |   6.9
        D:5 |     595 |       0 |   0.0 |      16 |       0 |   0.0
        D:6 |     557 |     395 |  41.5 |      14 |       1 |   6.7
        D:7 |     843 |     337 |  28.6 |      16 |      14 |  46.7
        D:8 |    2253 |    1073 |  32.3 |      30 |       2 |   6.2
        D:9 |    3770 |    5604 |  59.8 |      23 |      32 |  58.2
       D:10 |    2121 |     533 |  20.1 |      42 |       2 |   4.5
       D:11 |    4057 |     662 |  14.0 |      26 |       2 |   7.1
       D:12 |    6887 |    1597 |  18.8 |      25 |      37 |  59.7
       D:13 |   11479 |    4751 |  29.3 |      33 |       9 |  21.4
       D:14 |    8768 |    2626 |  23.0 |      19 |      10 |  34.5
       D:15 |    3927 |    2688 |  40.6 |       8 |       3 |  27.3
     Lair:1 |    5751 |     891 |  13.4 |      23 |       4 |  14.8
     Lair:2 |    5715 |    2114 |  27.0 |      15 |       7 |  31.8
     Lair:3 |    7215 |    6874 |  48.8 |      26 |      30 |  53.6
     Lair:4 |   10475 |    2419 |  18.8 |      30 |       6 |  16.7
     Lair:5 |   18575 |   13677 |  42.4 |      48 |      27 |  36.0
    Swamp:1 |   14744 |    2286 |  13.4 |      26 |       3 |  10.3
    Swamp:2 |    8714 |      83 |   0.9 |      18 |       1 |   5.3
    Swamp:3 |   14412 |    1941 |  11.9 |      22 |       1 |   4.3
    Swamp:4 |   10095 |   22658 |  69.2 |      22 |      36 |  62.1
   Spider:1 |   28791 |    3085 |   9.7 |      77 |      10 |  11.5
   Spider:2 |   13734 |    4321 |  23.9 |      25 |       4 |  13.8
   Spider:3 |   16890 |       0 |   0.0 |      36 |       0 |   0.0
   Spider:4 |   13551 |   18224 |  57.4 |      28 |      37 |  56.9
      Orc:1 |    3866 |     185 |   4.6 |      49 |       8 |  14.0
      Orc:2 |    1902 |    6503 |  77.4 |      26 |      59 |  69.4
   Vaults:1 |   29735 |   15566 |  34.4 |      52 |      17 |  24.6
   Vaults:2 |   26958 |   59347 |  68.8 |      45 |      68 |  60.2
   Vaults:3 |   30369 |   16008 |  34.5 |      38 |      19 |  33.3
   Vaults:4 |   25961 |   38320 |  59.6 |      37 |      45 |  54.9
   Vaults:5 |   11997 |   70967 |  85.5 |      14 |      65 |  82.3
   Depths:1 |   32128 |    5949 |  15.6 |      38 |       6 |  13.6
   Depths:2 |   34102 |    5308 |  13.5 |      43 |       5 |  10.4
   Depths:3 |   38882 |   26367 |  40.4 |      42 |      32 |  43.2
   Depths:4 |   27196 |   19056 |  41.2 |      30 |      20 |  40.0
      Zot:1 |   43907 |       0 |   0.0 |      40 |       0 |   0.0
      Zot:2 |   49013 |       0 |   0.0 |      38 |       0 |   0.0
      Zot:3 |   49141 |       0 |   0.0 |      43 |       0 |   0.0
      Zot:4 |   28168 |    1411 |   4.8 |      22 |       2 |   8.3
   Gauntlet |       0 |    8226 | 100.0 |       0 |      21 | 100.0
            +---------+---------+-------+---------+---------+-------
